 Dungeon Crawl Stone Soup version 0.29.0-4-gdea44cf6ec (webtiles) character file.

Game seed: 14944498552667459179

477484 qw the Slayer (level 24, -20/168 HPs)
             Began as a Gargoyle Berserker on Sept 6, 2022.
             Was an Elder of Trog.
             Demolished by a Killer Klown
             ... wielding a +12 club of freezing
              (32 damage)
             ... on level 1 of the Realm of Zot.
             The game lasted 00:23:46 (56286 turns).

qw the Slayer (Gargoyle Berserker)                 Turns: 56286, Time: 00:23:46

Health: -20/168    AC:  0    Str: 28 (29) XL:     24   Next: 47%
Magic:  23/23      EV: 19    Int:  9 (12) God:    Trog [****..]
Gold:   1821       SH:  5    Dex: 10 (13) Spells: 23/23 levels left

rFire   x . .      SeeInvis .   (weapon currently unavailable)
rCold   . . .      Faith    .   (shield currently unavailable)
rNeg    + . .      Spirit   .   (body armour currently unavailable)
rPois   inf        Reflect  +   (helmet currently unavailable)
rElec   .          Harm     .   (cloak currently unavailable)
rCorr   .          Rampage  .   (gloves currently unavailable)
Will    +++..                   (boots currently unavailable)
Stlth   +.........              y - amulet "Qothraib" {Reflect Will++ Dex+4 SH+5}
HPRegen 0.38/turn               (ring currently unavailable)
MPRegen 0.18/turn               (ring currently unavailable)

@: about to teleport, pig-form, fire vulnerable, on berserk cooldown, slowed
A: fast, no casting, sickness immunity, AC +18, small, (big wings), negative
energy resistance 1, (electricity resistance), torment resistance 1,
petrification resistance
}: 3/15 runes: decaying, serpentine, silver
a: Renounce Religion, Berserk, Trog's Hand, Brothers in Arms


You were on level 1 of the Realm of Zot.
You worshipped Trog.
Trog was greatly pleased with you.
You were a filthy swine.
You visited 8 branches of the dungeon, and saw 40 of its levels.

You collected 7166 gold pieces.
You spent 5345 gold pieces at shops.


Innate Abilities, Weirdness & Mutations

You are a filthy swine.
You move quickly.
Your equipment is almost entirely melded.
You are incapable of wielding weapons or throwing items.
You cannot cast spells.
You are immune to sickness and miasma.
((Your stone body is resilient. (AC +18)))
You are immune to poison.
((Your large and strong wings let you fly.))
You resist negative energy. (rN+)
((You are resistant to electric shocks. (rElec)))
You are resistant to unholy torment.
You are immune to petrification.


   Skills:
 + Level 22.1 Fighting
 - Level 18.0 Axes
 - Level 10.7 Throwing
 - Level 22.0 Armour
 - Level 13.0 Dodging
 - Level 21.7 Shields


You had 23 spell levels left.
You didn't know any spells.
Your spell library was empty.

Inventory:

Hand Weapons
 z - a +9 broad axe of flaming (melded)
Missiles
 o - a silver boomerang (quivered)
 q - 2 boomerangs
Armour
 a - a +2 pair of gloves (melded)
 d - the +2 helmet "Zason" {Harm +Blink Int-5 Dex+4 Stlth+}
   (You acquired it on level 2 of the Dungeon)

   Int:       It affects your intelligence (-5).
   Dex:       It affects your dexterity (+4).
   +Blink:    It lets you blink.
   Harm:      It increases damage dealt and taken.
   Stlth:     It makes you more stealthy.
 e - a +0 tower shield (melded)
 k - the +1 cloak "Duriech" (melded) {Regen+ Slay+3}
   (You acquired it on level 3 of the Dungeon)

   Slay:      It affects your accuracy & damage with ranged weapons and melee
   (+3).
   Regen:     It increases your rate of health regeneration.
 w - the +15 plate armour of Cumyd (melded) {Str+2 Dex+5}
   (You found it on level 5 of the Lair of Beasts)

   Str:       It affects your strength (+2).
   Dex:       It affects your dexterity (+5).
 x - a +2 helmet (melded)
 A - the +3 pair of mountain boots (melded) {steadfast, rC+}
   (You bought it in a shop on level 3 of the Vaults)

   It prevents involuntary movement, except for blinking, teleportation, or
   banishment.
   rC:        It protects you from cold.
Jewellery
 s - the ring "Geilibe" {Will+ Str+2 Int+3 Dex+6}
   (You bought it in a shop on level 8 of the Dungeon)

   [ring of dexterity]

   Str:       It affects your strength (+2).
   Int:       It affects your intelligence (+3).
   Dex:       It affects your dexterity (+6).
   Will:      It increases your willpower.
 t - a ring of protection from fire
 u - the ring "Paipid" (melded) {Str+3 Dex+6}
   (You acquired it on level 1 of the Vaults)

   [ring of dexterity]

   Str:       It affects your strength (+3).
   Dex:       It affects your dexterity (+6).
 y - the amulet "Qothraib" (around neck) {Reflect Will++ Dex+4 SH+5}
   (You bought it in a shop on level 2 of the Orcish Mines)

   [amulet of reflection]

   It reflects blocked missile attacks.
   Dex:       It affects your dexterity (+4).
   SH:        It affects your SH (+5).
   Will:      It greatly increases your willpower.
 B - the ring of Miracles (melded) {rF++ rC- rCorr}
   (You took it off a tengu reaver on level 5 of the Vaults)

   [ring of resist corrosion]

   rF:        It greatly protects you from fire.
   rC:        It makes you vulnerable to cold.
   rCorr:     It protects you from acid and corrosion.
 Y - a +4 ring of slaying {mikee}
Wands
 g - a wand of digging (16)
Scrolls
 j - 15 scrolls of identify
 l - 8 scrolls of enchant armour
 m - 2 scrolls of teleportation
 r - 2 scrolls of enchant weapon
Potions
 b - 11 potions of mutation
 c - 21 potions of curing
 f - 2 potions of resistance
 i - 7 potions of haste
 p - 3 potions of cancellation
 v - 10 potions of might

Dungeon Overview and Level Annotations

Branches:
Dungeon (15/15)            Temple (0/1) D:6            Lair (5/5) D:10
  Swamp (4/4) Lair:3        Snake (4/4) Lair:2        Slime (0/5) Lair:5
    Orc (2/2) D:9             Elf (0/3) Orc:2        Vaults (5/5) D:14
  Crypt (0/3) Vaults:2     Depths (4/4) D:15            Zot (1/5) Depths:4

Altars:
Ashenzari
Cheibriados
Elyvilon
Gozag
Hepliaklqana
Kikubaaqudgha
Nemelex Xobeh
Qazlal
Sif Muna
Trog
Uskayaw
Vehumet
Yredelemnul
Zin
The Shining One
Jiyva
Lugonu

Shops:
D:8 =   D:12 ?   Orc:2 ?(*(*[=   Vaults:1 ?   Vaults:3 [   Depths:2 *
Depths:3 (

Portals:
Hell: Depths:1 Depths:2 Depths:3 Depths:4
Abyss: Depths:1 Depths:3
Pandemonium: Depths:2 Depths:3 Depths:4
Ziggurat: Depths:3

Annotations:
D:5 4 runed translucent doors, Crazy Yiuf; qw's ghost, novice MiBe
D:6 1 runed translucent door, qw's ghost, novice GrBe
D:9 2 runed translucent doors, qw's ghost, novice GrBe
Orc:1 2 runed translucent doors, Segg's ghost, adept GnSk
Vaults:2 2 transporters, qw's ghost, adept MiBe
Depths:4 2 transporters, 6 runed translucent doors, qw's ghost, veteran GrFi
Zot:1 Grunn


Message History

You feel the Orb delaying your translocation!
You block the death cob's attack.
The death cob hits you but does no damage.
You block the storm dragon's attack. x2; The storm dragon closely misses you.
The death cob hits you but does no damage.
The Killer Klown blinks!
Grunn hits you but does no damage.
The Killer Klown blinks!
The storm dragon bites you but does no damage.
The storm dragon claws you but does no damage.
The storm dragon tramples you but does no damage.
The death cob hits you but does no damage.
The Killer Klown pies you viciously! The klown pie hits you!
Moon pie!
You turn into a filthy swine.
Your +9 broad axe of flaming melds into your body.
The +1 cloak "Duriech" {Regen+ Slay+3} melds into your body.
Your +2 helmet melds into your body.
Your +2 pair of gloves melds into your body.
The +3 pair of mountain boots {steadfast, rC+} melds into your body.
Your +0 tower shield melds into your body.
The +15 plate armour of Cumyd {Str+2 Dex+5} melds into your body.
The ring of Miracles {rF++ rC- rCorr} melds into your body.
The ring "Paipid" {Str+3 Dex+6} melds into your body.
Your +9 broad axe of flaming stops flaming.
You feel clumsy.
56284 ||| DRINKING potion of heal wounds.
You feel much better. The death cob closely misses you. x2
The storm dragon breathes lightning at you.
The bolt of lightning misses you. Grunn barely misses you.
The Killer Klown blinks!
The storm dragon bites you! The storm dragon misses you.
The storm dragon tramples you.
You stumble backwards!
You bite the storm dragon!
The storm dragon is heavily wounded.
The Killer Klown is no longer mute.
You bite the Killer Klown!
The Killer Klown is almost dead.
Grunn closely misses you.
The Killer Klown blinks!
The Killer Klown prods you with a +12 club of freezing!!
You die...

##....).
...............##.......
#..)..........##...#####
.
#...........##....#YY[#
..
#.........##.....#+###
...
#.......##.%.........
....
#...).##............
¤¤...
#'''##......####..#
......##h##.......# ##..
¤.....Dpp......#..# ###
..>#..)g#.¤.####..# ####
#......###.(........
.... ##....#
##.............. ##...
#######.!###### ##.. ##


You could see Grunn, 2 Killer Klowns and a storm dragon (catching breath).

Vanquished Creatures
  A dread lich (Depths:2)
  3 ancient liches
  Mara (Vaults:3)
  Sojobo (Vaults:4)
  Vv (Zot:1)
  Frederick (Vaults:3)
  Vashnia (Snake:4)
  Xtahua (Vaults:4)
  Saint Roka (Orc:2)
  3 golden dragons
  Nikola (Vaults:1)
  2 bone dragons (Depths:4)
  3 doom hounds (Zot:1)
  A Tzitzimitl (Zot:1)
  4 tentacled monstrosities (Vaults:5)
  4 liches
  A titan (Vaults:5)
  3 quicksilver dragons
  A walking frostbound tome (Depths:4)
  6 sphinxes
  A thorn hunter (Swamp:1)
  Agnes (D:15)
  Kirke (Snake:1)
  12 tengu reavers
  10 shadow dragons
  5 storm dragons
  6 nagarajas
  A draconian monk (Zot:1)
  2 fenstrider witches
  10 frost giants
  2 orc warlords
  4 iron dragons
  5 fire giants
  3 draconian scorchers
  10 vault wardens
  A ghost moth (Zot:1)
  3 draconian shifters
  A balrug (Depths:4)
  24 ironbound preservers
  3 spriggan defenders (Depths:2)
  A reaper (Depths:2)
  8 very ugly things
  5 ironbound thunderhulks
  13 stone giants
  3 war gargoyles
  4 green draconians
  Nessos (D:15)
  5 vampire knights
  10 dire elephants
  3 eleionomae
  A putrid mouth (Zot:1)
  4 black draconians
  A deep elf annihilator (Vaults:3)
  5 bunyips
  2 purple draconians
  4 entropy weavers
  4 white draconians (Depths:4)
  4 spark wasps (Depths:4)
  2 red draconians (Zot:1)
  2 deep elf death magi (Vaults:5)
  12 ettins
  7 yellow draconians
  2 blizzard demons (Depths:3)
  5 crystal guardians
  4 fire dragons
  2 deep elf high priests (Vaults:5)
  A merfolk impaler (Depths:1)
  2 shambling mangroves
  21 yaktaur captains
  2 salamander tyrants (Snake:4)
  A rakshasa (Depths:3)
  6 great orbs of eyes
  17 ice dragons
  2 ghost crabs (Swamp:1)
  28 vault guards
  3 ogre magi
  7 hydras
  3 ironbound frosthearts
  5 peacekeepers
  8 centaur warriors
  An anaconda (shapeshifter) (Vaults:5)
  7 spriggan air magi
  6 death yaks
  9 alligators
  10 anacondas
  8 two-headed ogres
  16 naga warriors
  4 tengu warriors
  7 deep troll earth magi
  A vampire mage (Depths:1)
  3 deep troll shamans
  4 hell knights (Depths:3)
  Urug (Orc:2)
  An orc high priest (Orc:2)
  Nergalle (Orc:1)
  14 shock serpents
  2 spriggan berserkers
  3 sun demons
  20 naga sharpshooters
  A spectral death yak (Lair:5)
  A sea snake (shapeshifter) (Vaults:5)
  3 iron trolls
  4 salamander mystics (Snake:4)
  3 skeletal warriors (D:14)
  3 goliath frogs
  A flayed ghost (Vaults:5)
  63 deep trolls
  3 spriggan druids
  A spectral anaconda (Lair:5)
  9 naga ritualists
  A glowing orange brain (Depths:4)
  4 swamp dragons
  4 deep elf archers (Vaults:5)
  4 bog bodies
  4 lindwurms
  8 necromancers
  A phantasmal warrior (Vaults:5)
  20 ironbound convokers
  3 deep elf pyromancers
  13 mana vipers
  A tengu skeleton (Vaults:5)
  12 wizards
  9 orc knights
  3 orc sorcerers
  25 ugly things
  3 oklob plants (Lair:5)
  3 will-o-the-wisps
  7 cyclopes
  A shining eye (shapeshifter) (Vaults:5)
  13 salamanders
  4 manticores
  A cyclops (shapeshifter) (Depths:4)
  A human zombie (Vaults:2)
  4 moths of wrath (Zot:1)
  A dire elephant zombie (Lair:5)
  A rust devil (Depths:3)
  22 vault sentinels
  A fire giant skeleton (Vaults:2)
  33 black mambas
  2 gargoyles (D:12)
  13 guardian serpents
  A titan simulacrum (Vaults:5)
  18 naga magi
  2 ice statues (Depths:3)
  29 elephants
  Maggie (D:8)
  4 rime drakes
  5 orange demons
  8 komodo dragons
  18 cane toads
  23 yaktaurs
  2 efreet (D:15)
  A kobold demonologist (D:10)
  11 freezing wraiths
  An unseen horror (D:11)
  A hellwing (Depths:2)
  A tormentor (Zot:1)
  3 tengu conjurers (D:14)
  An ice devil (Depths:4)
  3 red devils
  A meliai (shapeshifter) (D:13)
  A queen bee (shapeshifter) (Vaults:5)
  2 trolls
  10 tyrant leeches
  A wolf spider simulacrum (D:14)
  25 hornets
  A polar bear (Lair:4)
  A snapping turtle (Orc:1)
  4 blink frogs (Lair:5)
  10 dream sheep (Lair:5)
  22 slime creatures
  Sigmund (D:3)
  A culicivora (shapeshifter) (D:12)
  A ynoxinul (Depths:2)
  A jumping spider (Vaults:2)
  7 wyverns
  21 spriggans
  A shadow (D:12)
  2 centaur simulacra
  A culicivora (Vaults:1)
  A spriggan (shapeshifter) (Depths:3)
  2 wraiths
  3 hogs (Snake:1)
  6 humans (Zot:1)
  42 yaks
  4 basilisks
  3 chaos spawn
  A neqoxec (Depths:2)
  4 swamp worm simulacra (Swamp:4)
  2 redbacks (Vaults:2)
  6 vampire mosquitoes (Swamp:1)
  A death yak simulacrum (Lair:5)
  A yaktaur simulacrum (Vaults:5)
  Menkaure (D:5)
  13 swamp worms
  5 wargs
  53 nagas
  3 acid dragons
  A swamp worm (shapeshifter) (Vaults:5)
  An ogre zombie (Vaults:2)
  15 hydra simulacra (Swamp:4)
  6 water moccasins
  An ogre skeleton (Vaults:5)
  2 floating eyes
  44 orc warriors
  Pargi (D:3)
  An ogre (shapeshifter) (Vaults:5)
  3 swamp drakes
  3 ice beasts
  15 ogres
  3 boggarts (Vaults:1)
  14 wolves
  12 centaurs
  An elephant skeleton (Lair:5)
  Blork the orc (D:5)
  A bullfrog (Lair:1)
  A kobold brigand (D:6)
  2 scorpions
  A necrophage (D:6)
  2 gnoll sergeants (D:7)
  2 human skeletons
  8 wights
  3 killer bees (D:10)
  An electric eel (Lair:3)
  A bullfrog zombie (D:5)
  2 gnoll boudas
  19 orc priests
  2 hounds (D:6)
  4 jellies
  An iguana (D:7)
  24 orc wizards
  Natasha (twice) (D:3)
  6 hell rats (Lair:2)
  A hound zombie (D:5)
  21 gnolls
  5 adders
  A white imp (D:8)
  4 swamp drake simulacra (Swamp:4)
  A worm (D:2)
  3 dart slugs
  92 orcs
  5 ball pythons
  10 bats
  14 endoplasms
  8 giant cockroaches
  8 goblins
  7 hobgoblins
  7 jackals
  3 quokkas
  5 frilled lizards
  27 kobolds
  4 rats
  2 briar patches (Swamp:1)
1629 creatures vanquished.

Vanquished Creatures (collateral kills)
  2 tentacled monstrosities
  A quicksilver dragon (Vaults:4)
  Roxanne (D:14)
  2 stone giants (Depths:1)
  2 very ugly things (Depths:1)
  A war gargoyle (Vaults:4)
  A vampire knight (Depths:2)
  3 ettins
  A fire dragon (Depths:1)
  A merfolk javelineer (Depths:1)
  2 hydras
  A centaur warrior (D:15)
  A peacekeeper (Vaults:4)
  An ironbound frostheart (Vaults:2)
  A deep troll shaman (Depths:1)
  2 deep troll earth magi (Depths:3)
  A slime creature (Vaults:2)
  A hell knight (Depths:3)
  2 skeletal warriors (D:14)
  2 deep trolls (Depths:1)
  An obsidian statue (Lair:5)
  An ironbound convoker (Vaults:3)
  2 ugly things (Depths:1)
  An orc sorcerer (Orc:2)
  A guardian serpent (Snake:3)
  A torpor snail (Lair:4)
  A water elemental (Depths:1)
  A yak (Lair:5)
  A wyvern (Lair:4)
  A human (Zot:1)
  A naga (Snake:3)
  A floating eye (Depths:1)
  4 orc warriors (Orc:2)
  2 orc priests (Orc:2)
  2 orc wizards (Orc:2)
  2 orcs (Orc:2)
52 creatures vanquished.

Vanquished Creatures (others)
  A frost giant (Depths:3)
  A fire giant (Vaults:5)
  A green draconian (Zot:1)
  A naga warrior (Snake:2)
  A deep elf knight (Vaults:5)
  A wizard (Depths:3)
  A swamp dragon (Swamp:4)
  2 hornets (Swamp:1)
  2 bloated husks
  A tyrant leech (Swamp:4)
  A spriggan (Swamp:1)
  3 humans (Snake:1)
  3 vampire mosquitoes (Swamp:4)
  A naga (Snake:4)
  A kobold brigand (D:9)
  9 briar patches (Swamp:1)
  24 foxfires
  18 fungi
  42 plants
  7 toadstools (D:3)
  16 withered plants (Lair:5)
137 creatures vanquished.

Grand Total: 1818 creatures vanquished

Notes
Turn   | Place    | Note
-------+----------+-------------------------------------------
     0 | D:1      | qw the Gargoyle Berserker began the quest for the Orb.
     0 | D:1      | Reached XP level 1. HP: 14/14 MP: 1/1
     0 | D:1      | 0 ||| qw: Version: 0.1-a-108-g9e35731
     0 | D:1      | 0 ||| qw: Game counter: 6325
     0 | D:1      | 0 ||| qw: Always use a shield: true
     0 | D:1      | 0 ||| qw: Do Orc after D:15 true
     0 | D:1      | 0 ||| qw: Do second Lair branch before Depths: true
     0 | D:1      | 0 ||| qw: Lair rune preference: random
     0 | D:1      | 0 ||| qw: Plans: Normal
     0 | D:1      | 0 ||| PLANNING D:1-11
    78 | D:1      | 78 ||| Stepping ~*~*~tactically~*~*~ (stealth).
    87 | D:1      | Reached skill level 3 in Axes
   135 | D:1      | Reached XP level 2. HP: 17/19 MP: 2/2
   579 | D:1      | Reached XP level 3. HP: 20/23 MP: 3/3
   768 | D:1      | 768 ||| UPGRADING to +0 leather armour.
   778 | D:1      | 778 ||| DROPPING +0 animal skin.
   779 | D:1      | 779 ||| UPGRADING to +0 ring mail.
   789 | D:1      | 789 ||| DROPPING +0 leather armour.
   790 | D:1      | 790 ||| READING scroll labelled WAILUBR GEZOH.
   791 | D:1      | 791 ||| READING scroll labelled LIZUSIAWOYB.
   792 | D:1      | 792 ||| READING scroll labelled FOANTU WUOFEL.
   793 | D:1      | 793 ||| READING scroll labelled ZIOPHIRCH ZAOM.
   794 | D:1      | 794 ||| READING 3 scrolls labelled RYAGOS RYIKHLO.
   795 | D:1      | 795 ||| READING scroll labelled MEULYP KOOTZOT.
   796 | D:1      | 796 ||| READING scroll labelled FED BUEX YTAOTEY.
   840 | D:2      | 840 ||| INVOKING Berserk.
   998 | D:2      | Found a faded altar of an unknown god.
  1218 | D:2      | 1218 ||| INVOKING Berserk.
  1322 | D:2      | 1322 ||| Stepping ~*~*~tactically~*~*~ (stealth).
  1336 | D:2      | 1336 ||| INVOKING Berserk.
  1337 | D:2      | 1337 ||| INVOKING Berserk.
  1339 | D:2      | Reached XP level 4. HP: 21/28 MP: 4/4
  1569 | D:2      | 1569 ||| Stepping ~*~*~tactically~*~*~ (hiding).
  1686 | D:2      | 1686 ||| Stepping ~*~*~tactically~*~*~ (stealth).
  1724 | D:2      | 1724 ||| Stepping ~*~*~tactically~*~*~ (stealth).
  1727 | D:2      | 1727 ||| Stepping ~*~*~tactically~*~*~ (stealth).
  2080 | D:2      | 2080 ||| UPGRADING to +2 pair of gloves.
  2085 | D:2      | 2085 ||| UPGRADING to +0 scale mail.
  2095 | D:2      | 2095 ||| UPGRADING to +0 pair of boots.
  2100 | D:2      | 2100 ||| DROPPING +0 ring mail.
  2101 | D:2      | 2101 ||| READING 2 scrolls of enchant armour.
  2101 | D:2      | 2101 ||| ENCHANTING +0 pair of boots.
  2102 | D:2      | 2102 ||| READING scroll of enchant armour.
  2102 | D:2      | 2102 ||| ENCHANTING +1 pair of boots.
  2103 | D:2      | 2103 ||| UPGRADING to amulet of regeneration.
  2108 | D:2      | 2108 ||| UPGRADING to +6 ring of strength.
  2109 | D:2      | 2109 ||| READING 3 scrolls labelled YSUUXIULOA.
  2109 | D:2      | Identified 3 scrolls of acquirement
  2109 | D:2      | 2109 ||| ACQUIRING +1 war axe of flaming
  2109 | D:2      | Acquired a +1 war axe of flaming
  2111 | D:2      | 2111 ||| SWAPPING to +1 war axe of flaming.
  2112 | D:2      | 2112 ||| DROPPING +0 club.
  2113 | D:2      | 2113 ||| DROPPING +0 hand axe.
  2114 | D:2      | 2114 ||| READING 2 scrolls of acquirement.
  2114 | D:2      | 2114 ||| ACQUIRING +7 plate armour "Nibonekk" {rC+ Dex+3}
  2114 | D:2      | Acquired the +7 plate armour "Nibonekk" {rC+ Dex+3}
  2116 | D:2      | 2116 ||| UPGRADING to +7 plate armour "Nibonekk" {rC+
                  | Dex+3}.
  2126 | D:2      | 2126 ||| DROPPING +0 scale mail.
  2127 | D:2      | 2127 ||| READING scroll of acquirement.
  2127 | D:2      | 2127 ||| ACQUIRING +2 helmet "Zason" {Harm +Blink Int-5
                  | Dex+4 Stlth+}
  2127 | D:2      | Acquired the +2 helmet "Zason" {Harm +Blink Int-5 Dex+4
                  | Stlth+}
  2129 | D:2      | 2129 ||| READING scroll labelled QIBEFUREOFF.
  2243 | D:3      | Noticed Sigmund
  2244 | D:3      | 2244 ||| Stepping ~*~*~tactically~*~*~ (hiding).
  2246 | D:3      | 2246 ||| INVOKING Berserk.
  2265 | D:3      | Killed Sigmund
  2266 | D:3      | Reached XP level 5. HP: 32/32 MP: 5/5
  2266 | D:3      | Reached XP level 6. HP: 37/37 MP: 6/6
  2544 | D:3      | Noticed Pargi
  2551 | D:3      | Killed Pargi
  2558 | D:3      | Found an opulent altar of Gozag.
  2815 | D:3      | 2815 ||| Stepping ~*~*~tactically~*~*~ (stealth).
  2827 | D:3      | Reached ** piety under Trog
  3016 | D:3      | 3016 ||| Stepping ~*~*~tactically~*~*~ (stealth).
  3020 | D:3      | 3020 ||| Stepping ~*~*~tactically~*~*~ (stealth).
  3021 | D:3      | 3021 ||| Stepping ~*~*~tactically~*~*~ (stealth).
  3030 | D:3      | 3030 ||| Stepping ~*~*~tactically~*~*~ (stealth).
  3042 | D:3      | 3042 ||| READING scroll of acquirement.
  3042 | D:3      | 3042 ||| ACQUIRING +1 cloak "Duriech" {Regen+ Slay+3}
  3042 | D:3      | Acquired the +1 cloak "Duriech" {Regen+ Slay+3}
  3044 | D:3      | 3044 ||| UPGRADING to +1 cloak "Duriech" {Regen+ Slay+3}.
  3075 | D:3      | 3075 ||| INVOKING Berserk.
  3399 | D:3      | Found a hazy altar of Hepliaklqana.
  3399 | D:3      | Noticed Natasha
  3401 | D:3      | 3401 ||| INVOKING Berserk.
  3402 | D:3      | Killed Natasha
  3403 | D:3      | Reached XP level 7. HP: 43/43 MP: 7/7
  3559 | D:3      | 3559 ||| DRINKING 2 lumpy white potions.
  3560 | D:3      | 3560 ||| DRINKING 2 inky potions.
  3561 | D:3      | 3561 ||| READING 2 scrolls of identify.
  3561 | D:3      | 3561 ||| IDENTIFYING bubbling silvery potion
  3562 | D:3      | 3562 ||| DROPPING potion of attraction.
  3566 | D:3      | Noticed Natasha
  3567 | D:3      | 3567 ||| INVOKING Berserk.
  3569 | D:3      | Killed Natasha
  3690 | D:4      | 3690 ||| Stepping ~*~*~tactically~*~*~ (hiding).
  3691 | D:4      | 3691 ||| Stepping ~*~*~tactically~*~*~ (hiding).
  3697 | D:4      | 3697 ||| INVOKING Berserk.
  3756 | D:4      | 3756 ||| Stepping ~*~*~tactically~*~*~ (stealth).
  3757 | D:4      | 3757 ||| Stepping ~*~*~tactically~*~*~ (stealth).
  3886 | D:4      | 3886 ||| Stepping ~*~*~tactically~*~*~ (hiding).
  3961 | D:4      | 3961 ||| Stepping ~*~*~tactically~*~*~ (stealth).
  4144 | D:4      | Reached skill level 6 in Axes
  4164 | D:4      | 4164 ||| Stepping ~*~*~tactically~*~*~ (stealth).
  4275 | D:4      | 4275 ||| DROPPING ring of ice.
  4276 | D:4      | 4276 ||| UPGRADING to +4 ring of slaying {mikee}.
  4277 | D:4      | 4277 ||| READING scroll labelled SIFIHA CUURPH.
  4278 | D:4      | 4278 ||| READING 2 scrolls labelled UMMEAM HIUKLI.
  4283 | D:4      | 4283 ||| READING 3 scrolls of identify.
  4283 | D:4      | 4283 ||| IDENTIFYING orange potion
  4284 | D:4      | 4284 ||| READING 2 scrolls of identify.
  4284 | D:4      | 4284 ||| IDENTIFYING smoky brown potion
  4285 | D:4      | 4285 ||| DROPPING potion of ambrosia.
  4286 | D:4      | 4286 ||| DROPPING potion of brilliance.
  4329 | D:5      | Entered Level 5 of the Dungeon
  4410 | D:5      | Found a runed translucent gate.
  4410 | D:5      | Found a runed translucent gate.
  4410 | D:5      | Found a runed translucent gate.
  4410 | D:5      | Noticed qw's ghost (novice MiBe)
  4412 | D:5      | 4412 ||| READING scroll labelled ROUKKI QATECK.
  4422 | D:5      | Found a basalt altar of Yredelemnul.
  4513 | D:5      | Found a bloodstained altar of Trog.
  4513 | D:5      | Found a broken altar of Ashenzari.
  4699 | D:5      | Noticed Blork the orc
  4701 | D:5      | 4701 ||| INVOKING Berserk.
  4707 | D:5      | Killed Blork the orc
  4708 | D:5      | Reached XP level 8. HP: 40/48 MP: 8/8
  4712 | D:5      | Noticed Menkaure
  4713 | D:5      | 4713 ||| Stepping ~*~*~tactically~*~*~ (stealth).
  4723 | D:5      | Killed Menkaure
  4834 | D:5      | 4834 ||| SWAPPING to +4 war axe of venom.
  4884 | D:5      | Found a runed translucent door.
  4885 | D:5      | Noticed Crazy Yiuf
  5140 | D:5      | 5140 ||| UPGRADING to +4 ring of evasion.
  5142 | D:5      | 5142 ||| DROPPING +6 ring of strength.
  5143 | D:5      | 5143 ||| READING 3 scrolls labelled HECWIL FUMO.
  5144 | D:5      | 5144 ||| READING 2 scrolls of enchant weapon.
  5144 | D:5      | 5144 ||| ENCHANTING +5 war axe of venom.
  5145 | D:5      | 5145 ||| READING scroll of enchant weapon.
  5145 | D:5      | 5145 ||| ENCHANTING +6 war axe of venom.
  5146 | D:5      | 5146 ||| DRINKING 2 fuming dark potions.
  5147 | D:5      | 5147 ||| DRINKING 2 glowing yellow potions.
  5148 | D:5      | 5148 ||| READING 2 scrolls of identify.
  5148 | D:5      | 5148 ||| IDENTIFYING metallic black potion
  5149 | D:5      | 5149 ||| DROPPING potion of flight.
  5194 | D:6      | 5194 ||| Stepping ~*~*~tactically~*~*~ (stealth).
  5204 | D:6      | Reached *** piety under Trog
  5205 | D:6      | Reached skill level 1 in Throwing
  5223 | D:6      | 5223 ||| READING scroll of enchant weapon.
  5223 | D:6      | 5223 ||| ENCHANTING +7 war axe of venom.
  5264 | D:6      | 5264 ||| INVOKING Berserk.
  5405 | D:6      | 5405 ||| Stepping ~*~*~tactically~*~*~ (stealth).
  5420 | D:6      | 5420 ||| Stepping ~*~*~tactically~*~*~ (stealth).
  5432 | D:6      | Found a staircase to the Ecumenical Temple.
  5436 | D:6      | 5436 ||| INVOKING Berserk.
  5440 | D:6      | Reached skill level 6 in Fighting
  5582 | D:6      | Reached skill level 6 in Armour
  5587 | D:6      | Reached XP level 9. HP: 55/55 MP: 9/9
  5655 | D:6      | Found a runed translucent door.
  5656 | D:6      | Noticed qw's ghost (novice GrBe)
  5742 | D:6      | Identified the +4 spear "Sivvergh" {chaos, rCorr Int+5
                  | Stlth-}
  5772 | D:6      | 5772 ||| Stepping ~*~*~tactically~*~*~ (stealth).
  5773 | D:6      | 5773 ||| Stepping ~*~*~tactically~*~*~ (stealth).
  5773 | D:6      | Found a white marble altar of Elyvilon.
  5959 | D:6      | 5959 ||| INVOKING Berserk.
  6070 | D:6      | Found a shimmering blue altar of Sif Muna.
  6085 | D:6      | 6085 ||| Stepping ~*~*~tactically~*~*~ (cloud).
  6086 | D:6      | Reached skill level 9 in Axes
  6086 | D:6      | 6086 ||| Stepping ~*~*~tactically~*~*~ (cloud).
  6093 | D:6      | 6093 ||| Stepping ~*~*~tactically~*~*~ (cloud).
  6094 | D:6      | 6094 ||| Stepping ~*~*~tactically~*~*~ (cloud).
  6095 | D:6      | 6095 ||| Stepping ~*~*~tactically~*~*~ (cloud).
  6096 | D:6      | 6096 ||| Stepping ~*~*~tactically~*~*~ (cloud).
  6097 | D:6      | 6097 ||| Stepping ~*~*~tactically~*~*~ (cloud).
  6098 | D:6      | 6098 ||| Stepping ~*~*~tactically~*~*~ (cloud).
  6209 | D:6      | 6209 ||| READING scroll labelled YLICYE POZUDD.
  6210 | D:6      | 6210 ||| READING 3 scrolls of identify.
  6210 | D:6      | 6210 ||| IDENTIFYING murky amethyst potion
  6211 | D:6      | 6211 ||| DROPPING potion of lignification.
  6460 | D:5      | Found a stormy altar of Qazlal.
  6460 | D:5      | Found a glowing golden altar of the Shining One.
  6504 | D:7      | 6504 ||| READING scroll of enchant weapon.
  6504 | D:7      | 6504 ||| ENCHANTING +8 war axe of venom.
  6611 | D:7      | Found a sparkling altar of Nemelex Xobeh.
  6772 | D:7      | Identified the +7 chain mail of Igropp {*Slow Fly Int+4
                  | Slay+2}
  6950 | D:7      | Found a snail-covered altar of Cheibriados.
  6951 | D:7      | 6951 ||| UPGRADING to +0 kite shield.
  6956 | D:7      | 6956 ||| READING scroll labelled WADALOLOS.
  7057 | D:7      | 7057 ||| READING 7 scrolls of identify.
  7057 | D:7      | 7057 ||| IDENTIFYING sapphire potion
  7058 | D:7      | 7058 ||| DROPPING potion of invisibility.
  7141 | D:8      | Reached skill level 3 in Shields
  7209 | D:8      | 7209 ||| INVOKING Berserk.
  7328 | D:8      | Reached **** piety under Trog
  7403 | D:8      | Found Huenezow's Jewellery Emporium.
  7411 | D:8      | 7411 ||| BUYING amulet of reflection (390 gold).
  7411 | D:8      | Bought an amulet of reflection for 390 gold pieces
  7411 | D:8      | 7411 ||| SHOPLISTING ring "Geilibe" {Will+ Str+2 Int+3
                  | Dex+6} (768 gold, have 92).
  7502 | D:8      | Noticed Maggie
  7511 | D:8      | Killed Maggie
  7522 | D:8      | 7522 ||| Stepping ~*~*~tactically~*~*~ (hiding).
  7526 | D:8      | 7526 ||| INVOKING Berserk.
  7536 | D:8      | 7536 ||| Stepping ~*~*~tactically~*~*~ (stealth).
  7538 | D:8      | 7538 ||| Stepping ~*~*~tactically~*~*~ (hiding).
  7581 | D:8      | 7581 ||| Stepping ~*~*~tactically~*~*~ (stealth).
  7586 | D:8      | Reached XP level 10. HP: 63/63 MP: 10/10
  7663 | D:8      | Found a glowing silver altar of Zin.
  7663 | D:8      | Found a hide-covered altar of Uskayaw.
  7874 | D:8      | 7874 ||| Stepping ~*~*~tactically~*~*~ (stealth).
  7887 | D:8      | 7887 ||| INVOKING Berserk.
  8085 | D:8      | 8085 ||| UPGRADING to amulet of reflection.
  8095 | D:8      | 8095 ||| DROPPING amulet of regeneration.
  8096 | D:8      | 8096 ||| READING 6 scrolls of identify.
  8096 | D:8      | 8096 ||| IDENTIFYING lumpy dark potion
  8097 | D:8      | 8097 ||| DRINKING potion of experience.
  8097 | D:8      | Reached skill level 12 in Shields
  8097 | D:8      | Reached XP level 11. HP: 67/67 MP: 11/11
  8166 | D:9      | Found a large runed translucent door.
  8166 | D:9      | Found a large runed translucent door.
  8172 | D:9      | Noticed qw's ghost (novice GrBe)
  8175 | D:9      | 8175 ||| INVOKING Berserk.
  8402 | D:9      | 8402 ||| Stepping ~*~*~tactically~*~*~ (hiding).
  8528 | D:9      | 8528 ||| Stepping ~*~*~tactically~*~*~ (hiding).
  9015 | D:9      | 9015 ||| Stepping ~*~*~tactically~*~*~ (stealth).
  9017 | D:9      | 9017 ||| Stepping ~*~*~tactically~*~*~ (stealth).
  9026 | D:9      | 9026 ||| Stepping ~*~*~tactically~*~*~ (hiding).
  9028 | D:9      | 9028 ||| Stepping ~*~*~tactically~*~*~ (hiding).
  9042 | D:9      | 9042 ||| Stepping ~*~*~tactically~*~*~ (stealth).
  9046 | D:9      | 9046 ||| Stepping ~*~*~tactically~*~*~ (stealth).
  9048 | D:9      | 9048 ||| Stepping ~*~*~tactically~*~*~ (stealth).
  9052 | D:9      | 9052 ||| Stepping ~*~*~tactically~*~*~ (stealth).
  9057 | D:9      | 9057 ||| INVOKING Berserk.
  9090 | D:9      | 9090 ||| FLEEEEING.
  9091 | D:9      | 9091 ||| FLEEEEING.
  9092 | D:9      | 9092 ||| FLEEEEING.
  9093 | D:9      | 9093 ||| FLEEEEING.
  9119 | D:9      | Found a staircase to the Orcish Mines.
  9123 | D:9      | 9123 ||| INVOKING Berserk.
  9316 | D:9      | 9316 ||| DROPPING ring of magical power.
  9347 | D:10     | Entered Level 10 of the Dungeon
  9354 | D:10     | Found a radiant altar of Vehumet.
  9433 | D:10     | 9433 ||| Stepping ~*~*~tactically~*~*~ (hiding).
  9440 | D:10     | 9440 ||| INVOKING Berserk.
  9578 | D:10     | 9578 ||| INVOKING Berserk.
  9588 | D:10     | Reached ***** piety under Trog
  9765 | D:10     | Found a staircase to the Lair.
  9774 | D:10     | 9774 ||| INVOKING Berserk.
  9982 | D:10     | Noticed a two-headed ogre
  9985 | D:10     | 9985 ||| INVOKING Berserk.
  9987 | D:10     | Killed a two-headed ogre
  9988 | D:10     | Reached skill level 3 in Throwing
 10150 | D:10     | 10150 ||| Stepping ~*~*~tactically~*~*~ (hiding).
 10287 | D:10     | 10287 ||| FLEEEEING.
 10291 | D:10     | 10291 ||| FLEEEEING.
 10292 | D:10     | 10292 ||| FLEEEEING.
 10293 | D:10     | 10293 ||| FLEEEEING.
 10294 | D:10     | 10294 ||| FLEEEEING.
 10295 | D:10     | 10295 ||| FLEEEEING.
 10296 | D:10     | 10296 ||| FLEEEEING.
 10297 | D:10     | 10297 ||| FLEEEEING.
 10298 | D:10     | 10298 ||| FLEEEEING.
 10299 | D:10     | 10299 ||| FLEEEEING.
 10300 | D:10     | 10300 ||| FLEEEEING.
 10301 | D:10     | 10301 ||| FLEEEEING.
 10302 | D:10     | 10302 ||| FLEEEEING.
 10303 | D:10     | 10303 ||| FLEEEEING.
 10304 | D:10     | 10304 ||| FLEEEEING.
 10309 | D:10     | 10309 ||| FLEEEEING.
 10310 | D:10     | 10310 ||| FLEEEEING.
 10311 | D:10     | 10311 ||| FLEEEEING.
 10312 | D:10     | 10312 ||| FLEEEEING.
 10313 | D:10     | 10313 ||| FLEEEEING.
 10314 | D:10     | 10314 ||| FLEEEEING.
 10315 | D:10     | 10315 ||| FLEEEEING.
 10316 | D:10     | 10316 ||| FLEEEEING.
 10318 | D:10     | 10318 ||| FLEEEEING.
 10325 | D:10     | 10325 ||| FLEEEEING.
 10333 | D:10     | 10333 ||| Stepping ~*~*~tactically~*~*~ (hiding).
 10661 | D:10     | 10661 ||| PLANNING LAIR
 10694 | Lair:1   | Entered Level 1 of the Lair of Beasts
 10699 | Lair:1   | 10699 ||| INVOKING Berserk.
 10872 | Lair:1   | 10872 ||| Stepping ~*~*~tactically~*~*~ (stealth).
 10876 | Lair:1   | 10876 ||| Stepping ~*~*~tactically~*~*~ (stealth).
 10879 | Lair:1   | 10879 ||| Stepping ~*~*~tactically~*~*~ (stealth).
 11064 | Lair:1   | 11064 ||| INVOKING Berserk.
 11067 | Lair:1   | Reached XP level 12. HP: 73/73 MP: 12/12
 11644 | Lair:2   | 11644 ||| Stepping ~*~*~tactically~*~*~ (stealth).
 11670 | Lair:2   | Reached skill level 9 in Fighting
 11680 | Lair:2   | Identified the +8 falchion of Frustration {vamp, rCorr MP-9
                  | Int-3 Stlth+}
 11866 | Lair:2   | 11866 ||| Stepping ~*~*~tactically~*~*~ (hiding).
 11868 | Lair:2   | 11868 ||| Stepping ~*~*~tactically~*~*~ (hiding).
 11926 | Lair:2   | 11926 ||| Stepping ~*~*~tactically~*~*~ (stealth).
 11927 | Lair:2   | 11927 ||| Stepping ~*~*~tactically~*~*~ (stealth).
 11928 | Lair:2   | 11928 ||| Stepping ~*~*~tactically~*~*~ (stealth).
 12244 | Lair:2   | Found a staircase to the Snake Pit.
 12371 | Lair:2   | 12371 ||| READING scroll labelled WECASU ULICASMERPHU.
 12420 | Lair:3   | 12420 ||| Stepping ~*~*~tactically~*~*~ (stealth).
 12428 | Lair:3   | 12428 ||| Stepping ~*~*~tactically~*~*~ (stealth).
 12463 | Lair:3   | Found a staircase to the Swamp.
 12480 | Lair:3   | Reached skill level 12 in Axes
 12538 | Lair:3   | 12538 ||| Stepping ~*~*~tactically~*~*~ (stealth).
 12539 | Lair:3   | 12539 ||| Stepping ~*~*~tactically~*~*~ (stealth).
 12546 | Lair:3   | 12546 ||| Stepping ~*~*~tactically~*~*~ (stealth).
 12576 | Lair:3   | Reached skill level 9 in Armour
 12660 | Lair:3   | 12660 ||| Stepping ~*~*~tactically~*~*~ (hiding).
 12785 | Lair:3   | 12785 ||| Stepping ~*~*~tactically~*~*~ (stealth).
 12884 | Lair:3   | 12884 ||| Stepping ~*~*~tactically~*~*~ (hiding).
 13228 | Lair:3   | 13228 ||| INVOKING Berserk.
 13552 | Lair:4   | 13552 ||| STAIRDANCE
 13557 | Lair:4   | Noticed a four-headed hydra
 13558 | Lair:4   | 13558 ||| STAIRDANCE
 13565 | Lair:4   | 13565 ||| INVOKING Brothers in Arms.
 13566 | Lair:4   | 13566 ||| SWAPPING to +1 war axe of flaming.
 13567 | Lair:4   | 13567 ||| INVOKING Berserk.
 13568 | Lair:4   | Killed a four-headed hydra
 13573 | Lair:4   | 13573 ||| SWAPPING to +9 war axe of venom.
 13689 | Lair:4   | Reached XP level 13. HP: 82/82 MP: 13/13
 13705 | Lair:4   | 13705 ||| INVOKING Berserk.
 13910 | Lair:4   | 13910 ||| INVOKING Berserk.
 14080 | Lair:4   | 14080 ||| FLEEEEING.
 14081 | Lair:4   | 14081 ||| FLEEEEING.
 14082 | Lair:4   | 14082 ||| FLEEEEING.
 14083 | Lair:4   | 14083 ||| FLEEEEING.
 14084 | Lair:4   | 14084 ||| INVOKING Brothers in Arms.
 14086 | Lair:4   | 14086 ||| INVOKING Berserk.
 14128 | Lair:4   | 14128 ||| FLEEEEING.
 14129 | Lair:4   | 14129 ||| FLEEEEING.
 14143 | Lair:4   | 14143 ||| INVOKING Berserk.
 14328 | Lair:4   | 14328 ||| Stepping ~*~*~tactically~*~*~ (stealth).
 14331 | Lair:4   | 14331 ||| INVOKING Brothers in Arms.
 14333 | Lair:4   | 14333 ||| SWAPPING to +1 war axe of flaming.
 14335 | Lair:4   | 14335 ||| INVOKING Berserk.
 14345 | Lair:4   | 14345 ||| SWAPPING to +9 war axe of venom.
 14880 | Lair:4   | 14880 ||| UPGRADING to +0 helmet.
 14885 | Lair:4   | 14885 ||| READING 3 scrolls of enchant armour.
 14885 | Lair:4   | 14885 ||| ENCHANTING +0 helmet.
 14886 | Lair:4   | 14886 ||| READING 2 scrolls of enchant armour.
 14886 | Lair:4   | 14886 ||| ENCHANTING +1 helmet.
 14887 | Lair:4   | 14887 ||| READING 14 scrolls of identify.
 14887 | Lair:4   | 14887 ||| IDENTIFYING cyan potion
 14888 | Lair:4   | 14888 ||| DROPPING potion of magic.
 14913 | Lair:5   | Entered Level 5 of the Lair of Beasts
 14934 | Lair:5   | 14934 ||| Stepping ~*~*~tactically~*~*~ (stealth).
 14987 | Lair:5   | 14987 ||| INVOKING Berserk.
 15107 | Lair:5   | Reached skill level 3 in Dodging
 15108 | Lair:5   | 15108 ||| INVOKING Brothers in Arms.
 15111 | Lair:5   | 15111 ||| INVOKING Berserk.
 15246 | Lair:5   | 15246 ||| Stepping ~*~*~tactically~*~*~ (stealth).
 15319 | Lair:5   | 15319 ||| Stepping ~*~*~tactically~*~*~ (stealth).
 15324 | Lair:5   | 15324 ||| INVOKING Brothers in Arms.
 15327 | Lair:5   | 15327 ||| INVOKING Berserk.
 15345 | Lair:5   | Gained mutation: Your large and strong wings let you fly.
                  | [Gargoyle growth]
 15345 | Lair:5   | Reached XP level 14. HP: 90/90 MP: 14/14
 15616 | Lair:5   | Noticed a dire elephant
 15616 | Lair:5   | Noticed a dire elephant
 15617 | Lair:5   | Noticed a dire elephant
 15673 | Lair:5   | 15673 ||| INVOKING Berserk.
 15799 | Lair:5   | 15799 ||| INVOKING Brothers in Arms.
 15800 | Lair:5   | 15800 ||| INVOKING Brothers in Arms.
 15822 | Lair:5   | 15822 ||| INVOKING Brothers in Arms.
 15874 | Lair:5   | 15874 ||| INVOKING Berserk.
 15882 | Lair:5   | Killed a dire elephant
 15884 | Lair:5   | Killed a dire elephant
 15885 | Lair:5   | Killed a dire elephant
 16021 | Lair:5   | Reached skill level 15 in Axes
 16073 | Lair:5   | 16073 ||| Stepping ~*~*~tactically~*~*~ (stealth).
 16089 | Lair:5   | 16089 ||| Stepping ~*~*~tactically~*~*~ (stealth).
 16091 | Lair:5   | 16091 ||| Stepping ~*~*~tactically~*~*~ (stealth).
 16149 | Lair:5   | 16149 ||| Stepping ~*~*~tactically~*~*~ (stealth).
 16186 | Lair:5   | Identified the +15 plate armour of Cumyd {Str+2 Dex+5}
 16279 | Lair:5   | Found a viscous altar of Jiyva.
 16281 | Lair:5   | Found a staircase to the Slime Pits.
 16282 | Lair:5   | 16282 ||| FLEEEEING.
 16283 | Lair:5   | 16283 ||| FLEEEEING.
 16345 | Lair:5   | 16345 ||| FLEEEEING.
 16346 | Lair:5   | 16346 ||| FLEEEEING.
 16467 | Lair:5   | 16467 ||| FLEEEEING.
 16468 | Lair:5   | 16468 ||| FLEEEEING.
 16588 | Lair:5   | 16588 ||| FLEEEEING.
 16713 | Lair:5   | 16713 ||| INVOKING Berserk.
 16947 | Lair:5   | Noticed a dire elephant
 16951 | Lair:5   | 16951 ||| INVOKING Berserk.
 16959 | Lair:5   | Killed a dire elephant
 17086 | Lair:5   | 17086 ||| Stepping ~*~*~tactically~*~*~ (hiding).
 17140 | Lair:5   | Reached skill level 12 in Fighting
 17153 | Lair:5   | 17153 ||| Stepping ~*~*~tactically~*~*~ (hiding).
 17154 | Lair:5   | 17154 ||| Stepping ~*~*~tactically~*~*~ (hiding).
 17270 | Lair:5   | Identified the +7 short sword of the Lost Spirits {elec,
                  | rF- Int+7 Dex+3}
 17475 | Lair:5   | 17475 ||| PLANNING D:1-11
 17475 | Lair:5   | 17475 ||| UPGRADING to +15 plate armour of Cumyd {Str+2
                  | Dex+5}.
 17485 | Lair:5   | 17485 ||| DROPPING +7 plate armour "Nibonekk" {rC+ Dex+3}.
 17782 | D:11     | 17782 ||| Stepping ~*~*~tactically~*~*~ (hiding).
 17886 | D:11     | Reached skill level 12 in Armour
 18250 | D:11     | 18250 ||| PLANNING D
 18250 | D:11     | 18250 ||| READING scroll labelled DIYCOM FUORPH.
 18489 | D:12     | 18489 ||| Stepping ~*~*~tactically~*~*~ (hiding).
 18495 | D:12     | 18495 ||| Stepping ~*~*~tactically~*~*~ (hiding).
 18502 | D:12     | 18502 ||| Stepping ~*~*~tactically~*~*~ (hiding).
 18503 | D:12     | 18503 ||| Stepping ~*~*~tactically~*~*~ (hiding).
 18555 | D:12     | 18555 ||| Stepping ~*~*~tactically~*~*~ (hiding).
 18665 | D:12     | 18665 ||| Stepping ~*~*~tactically~*~*~ (hiding).
 18826 | D:12     | 18826 ||| Stepping ~*~*~tactically~*~*~ (hiding).
 18923 | D:12     | Found Afruath's Magic Scroll Shop.
 18931 | D:12     | 18931 ||| SHOPLISTING 2 scrolls of acquirement (1664 gold,
                  | have 1133).
 18931 | D:12     | 18931 ||| BUYING scroll of teleportation (48 gold).
 18931 | D:12     | Bought a scroll of teleportation for 48 gold pieces
 19195 | D:13     | 19195 ||| INVOKING Berserk.
 19320 | D:13     | 19320 ||| Stepping ~*~*~tactically~*~*~ (hiding).
 19322 | D:13     | 19322 ||| Stepping ~*~*~tactically~*~*~ (hiding).
 19323 | D:13     | 19323 ||| Stepping ~*~*~tactically~*~*~ (hiding).
 19361 | D:13     | 19361 ||| INVOKING Berserk.
 19910 | D:13     | Reached XP level 15. HP: 96/96 MP: 15/15
 20195 | D:14     | Identified Roxanne's Grimoire of Shapeshifting
 20195 | D:14     | Noticed Roxanne
 20196 | D:14     | 20196 ||| Stepping ~*~*~tactically~*~*~ (hiding).
 20199 | D:14     | 20199 ||| Stepping ~*~*~tactically~*~*~ (hiding).
 20212 | D:14     | 20212 ||| INVOKING Brothers in Arms.
 20214 | D:14     | 20214 ||| INVOKING Berserk.
 20223 | D:14     | Killed Roxanne
 20384 | D:14     | 20384 ||| Stepping ~*~*~tactically~*~*~ (hiding).
 20398 | D:14     | Noticed a frost giant
 20399 | D:14     | 20399 ||| INVOKING Brothers in Arms.
 20406 | D:14     | 20406 ||| INVOKING Berserk.
 20412 | D:14     | Killed a frost giant
 20726 | D:14     | Found a gate to the Vaults.
 21030 | D:14     | 21030 ||| READING 16 scrolls of identify.
 21030 | D:14     | 21030 ||| IDENTIFYING brown potion
 21031 | D:14     | 21031 ||| DROPPING potion of berserk rage.
 21078 | D:15     | Entered Level 15 of the Dungeon
 21090 | D:15     | 21090 ||| Stepping ~*~*~tactically~*~*~ (hiding).
 21093 | D:15     | 21093 ||| INVOKING Berserk.
 21361 | D:15     | 21361 ||| INVOKING Brothers in Arms.
 21362 | D:15     | 21362 ||| INVOKING Brothers in Arms.
 21364 | D:15     | 21364 ||| SWAPPING to +1 war axe of flaming.
 21365 | D:15     | 21365 ||| SWAPPING to +9 war axe of chaos.
 21384 | D:15     | Noticed Nessos
 21392 | D:15     | Killed Nessos
 21446 | D:15     | Noticed Agnes
 21447 | D:15     | 21447 ||| INVOKING Brothers in Arms.
 21449 | D:15     | 21449 ||| INVOKING Berserk.
 21454 | D:15     | Killed Agnes
 21638 | D:15     | 21638 ||| Stepping ~*~*~tactically~*~*~ (hiding).
 21642 | D:15     | 21642 ||| INVOKING Berserk.
 21651 | D:15     | Reached skill level 6 in Throwing
 21768 | D:15     | Found a staircase to the Depths.
 21931 | D:15     | 21931 ||| Stepping ~*~*~tactically~*~*~ (stealth).
 21951 | D:15     | 21951 ||| SWAPPING to +1 war axe of flaming.
 21956 | D:15     | 21956 ||| SWAPPING to +9 war axe of chaos.
 22013 | D:15     | 22013 ||| FLEEEEING.
 22014 | D:15     | 22014 ||| FLEEEEING.
 22015 | D:15     | 22015 ||| FLEEEEING.
 22016 | D:15     | 22016 ||| FLEEEEING.
 22017 | D:15     | 22017 ||| FLEEEEING.
 22018 | D:15     | 22018 ||| FLEEEEING.
 22019 | D:15     | 22019 ||| FLEEEEING.
 22020 | D:15     | 22020 ||| FLEEEEING.
 22021 | D:15     | 22021 ||| FLEEEEING.
 22032 | D:15     | 22032 ||| FLEEEEING.
 22033 | D:15     | 22033 ||| FLEEEEING.
 22034 | D:15     | 22034 ||| FLEEEEING.
 22035 | D:15     | 22035 ||| FLEEEEING.
 22040 | D:15     | 22040 ||| FLEEEEING.
 22044 | D:15     | 22044 ||| INVOKING Trog's Hand.
 22050 | D:15     | 22050 ||| INVOKING Berserk.
 22450 | D:15     | 22450 ||| SWAPPING to +1 war axe of flaming.
 22457 | D:15     | 22457 ||| SWAPPING to +9 war axe of chaos.
 22541 | D:15     | 22541 ||| PLANNING ORC
 22741 | Orc:1    | Entered Level 1 of the Orcish Mines
 22746 | Orc:1    | 22746 ||| INVOKING Trog's Hand.
 22750 | Orc:1    | 22750 ||| INVOKING Berserk.
 22770 | Orc:1    | Noticed Nergalle
 22778 | Orc:1    | Killed Nergalle
 22875 | Orc:1    | 22875 ||| INVOKING Berserk.
 22882 | Orc:1    | 22882 ||| Stepping ~*~*~tactically~*~*~ (stealth).
 22888 | Orc:1    | 22888 ||| INVOKING Trog's Hand.
 22938 | Orc:1    | 22938 ||| INVOKING Berserk.
 23211 | Orc:1    | Found a large runed translucent door.
 23213 | Orc:1    | Found a large runed translucent door.
 23218 | Orc:1    | Noticed Segg's ghost (adept GnSk)
 23325 | Orc:2    | Entered Level 2 of the Orcish Mines
 23349 | Orc:2    | 23349 ||| Stepping ~*~*~tactically~*~*~ (stealth).
 23352 | Orc:2    | 23352 ||| Stepping ~*~*~tactically~*~*~ (hiding).
 23361 | Orc:2    | 23361 ||| Stepping ~*~*~tactically~*~*~ (stealth).
 23362 | Orc:2    | 23362 ||| Stepping ~*~*~tactically~*~*~ (stealth).
 23383 | Orc:2    | Found Seblacib's General Store.
 23397 | Orc:2    | 23397 ||| Stepping ~*~*~tactically~*~*~ (hiding).
 23413 | Orc:2    | 23413 ||| Stepping ~*~*~tactically~*~*~ (hiding).
 23418 | Orc:2    | 23418 ||| FLEEEEING.
 23457 | Orc:2    | 23457 ||| BUYING potion of curing (48 gold).
 23457 | Orc:2    | Bought a potion of curing for 48 gold pieces
 23457 | Orc:2    | 23457 ||| BUYING potion of haste (160 gold).
 23457 | Orc:2    | Bought a potion of haste for 160 gold pieces
 23460 | Orc:2    | Noticed an orc warlord
 23461 | Orc:2    | 23461 ||| INVOKING Brothers in Arms.
 23467 | Orc:2    | 23467 ||| INVOKING Berserk.
 23471 | Orc:2    | Killed an orc warlord
 23611 | Orc:2    | Found Leoqum's Weapon Shoppe.
 23619 | Orc:2    | 23619 ||| BUYING +0 broad axe (52 gold).
 23619 | Orc:2    | Bought a +0 broad axe for 52 gold pieces
 23619 | Orc:2    | 23619 ||| SWAPPING to +0 broad axe.
 23620 | Orc:2    | 23620 ||| DROPPING +9 war axe of chaos.
 23621 | Orc:2    | 23621 ||| READING 6 scrolls of enchant weapon.
 23621 | Orc:2    | 23621 ||| ENCHANTING +0 broad axe.
 23622 | Orc:2    | 23622 ||| READING 5 scrolls of enchant weapon.
 23622 | Orc:2    | 23622 ||| ENCHANTING +1 broad axe.
 23623 | Orc:2    | 23623 ||| READING 4 scrolls of enchant weapon.
 23623 | Orc:2    | 23623 ||| ENCHANTING +2 broad axe.
 23624 | Orc:2    | 23624 ||| READING 3 scrolls of enchant weapon.
 23624 | Orc:2    | 23624 ||| ENCHANTING +3 broad axe.
 23625 | Orc:2    | 23625 ||| READING 2 scrolls of enchant weapon.
 23625 | Orc:2    | 23625 ||| ENCHANTING +4 broad axe.
 23626 | Orc:2    | 23626 ||| READING scroll of enchant weapon.
 23626 | Orc:2    | 23626 ||| ENCHANTING +5 broad axe.
 23673 | Orc:2    | 23673 ||| Stepping ~*~*~tactically~*~*~ (hiding).
 23675 | Orc:2    | 23675 ||| Stepping ~*~*~tactically~*~*~ (hiding).
 23678 | Orc:2    | 23678 ||| INVOKING Berserk.
 23705 | Orc:2    | 23705 ||| Stepping ~*~*~tactically~*~*~ (hiding).
 23755 | Orc:2    | Noticed Urug
 23756 | Orc:2    | 23756 ||| INVOKING Berserk.
 23762 | Orc:2    | Killed Urug
 23763 | Orc:2    | Reached XP level 16. HP: 106/106 MP: 16/16
 23880 | Orc:2    | 23880 ||| Stepping ~*~*~tactically~*~*~ (hiding).
 23891 | Orc:2    | 23891 ||| INVOKING Berserk.
 23900 | Orc:2    | Noticed Saint Roka
 23915 | Orc:2    | 23915 ||| INVOKING Brothers in Arms.
 23916 | Orc:2    | 23916 ||| INVOKING Brothers in Arms.
 23921 | Orc:2    | HP: 23/106 [Saint Roka/divine providence (14)]
 23922 | Orc:2    | 23922 ||| READING 11 scrolls of teleportation.
 23923 | Orc:2    | 23923 ||| DRINKING 4 potions of heal wounds.
 23923 | Orc:2    | Found a staircase to the Elven Halls.
 23924 | Orc:2    | 23924 ||| DRINKING 11 potions of curing.
 23924 | Orc:2    | 23924 ||| (to cure confusion)
 23928 | Orc:2    | 23928 ||| Stepping ~*~*~tactically~*~*~ (stealth).
 23929 | Orc:2    | 23929 ||| Stepping ~*~*~tactically~*~*~ (stealth).
 23930 | Orc:2    | 23930 ||| Stepping ~*~*~tactically~*~*~ (stealth).
 23931 | Orc:2    | 23931 ||| Stepping ~*~*~tactically~*~*~ (hiding).
 23939 | Orc:2    | 23939 ||| INVOKING Trog's Hand.
 23945 | Orc:2    | 23945 ||| INVOKING Brothers in Arms.
 23946 | Orc:2    | 23946 ||| INVOKING Brothers in Arms.
 24015 | Orc:2    | 24015 ||| Stepping ~*~*~tactically~*~*~ (hiding).
 24016 | Orc:2    | 24016 ||| Stepping ~*~*~tactically~*~*~ (hiding).
 24021 | Orc:2    | 24021 ||| INVOKING Berserk.
 24034 | Orc:2    | Killed Saint Roka
 24042 | Orc:2    | 24042 ||| Stepping ~*~*~tactically~*~*~ (stealth).
 24174 | Orc:2    | Found Lezeton's Jewellery Shop.
 24175 | Orc:2    | 24175 ||| INVOKING Berserk.
 24315 | Orc:2    | 24315 ||| BUYING amulet "Qothraib" {Reflect Will++ Dex+4
                  | SH+5} (891 gold).
 24315 | Orc:2    | Bought the amulet "Qothraib" {Reflect Will++ Dex+4 SH+5}
                  | for 891 gold pieces
 24324 | Orc:2    | Found Sashrag's Antique Armour Shop.
 24331 | Orc:2    | 24331 ||| BUYING runed helmet (172 gold).
 24331 | Orc:2    | Bought a runed helmet for 172 gold pieces
 24352 | Orc:2    | Found Ykaifuq's Antique Weapon Shop.
 24366 | Orc:2    | Found Wames's General Store.
 24387 | Orc:2    | 24387 ||| BUYING potion of heal wounds (85 gold).
 24387 | Orc:2    | Bought a potion of heal wounds for 85 gold pieces
 24499 | Orc:2    | Found Rucu's Magic Scroll Shop.
 24508 | Orc:2    | 24508 ||| BUYING scroll of enchant armour (105 gold).
 24508 | Orc:2    | Bought a scroll of enchant armour for 105 gold pieces
 24508 | Orc:2    | 24508 ||| BUYING scroll of teleportation (42 gold).
 24508 | Orc:2    | Bought a scroll of teleportation for 42 gold pieces
 24508 | Orc:2    | 24508 ||| BUYING scroll of teleportation (42 gold).
 24508 | Orc:2    | Bought a scroll of teleportation for 42 gold pieces
 24596 | Orc:2    | 24596 ||| UPGRADING to +0 tower shield.
 24606 | Orc:2    | 24606 ||| DROPPING +0 kite shield.
 24607 | Orc:2    | 24607 ||| DROPPING +0 helmet of intelligence.
 24608 | Orc:2    | 24608 ||| UPGRADING to amulet "Qothraib" {Reflect Will++
                  | Dex+4 SH+5}.
 24618 | Orc:2    | 24618 ||| DROPPING amulet of reflection.
 24672 | Orc:1    | 24672 ||| INVOKING Trog's Hand.
 24673 | Orc:1    | 24673 ||| INVOKING Berserk.
 24914 | Orc:1    | 24914 ||| PLANNING SWAMP:1-3
 25095 | Swamp:1  | Entered Level 1 of the Swamp
 25110 | Swamp:1  | 25110 ||| INVOKING Berserk.
 25273 | Swamp:1  | 25273 ||| INVOKING Berserk.
 25371 | Swamp:1  | Noticed a thorn hunter
 25380 | Swamp:1  | 25380 ||| INVOKING Berserk.
 25390 | Swamp:1  | Killed a thorn hunter
 25563 | Swamp:1  | 25563 ||| Stepping ~*~*~tactically~*~*~ (hiding).
 25566 | Swamp:1  | 25566 ||| INVOKING Berserk.
 25684 | Swamp:1  | 25684 ||| Stepping ~*~*~tactically~*~*~ (stealth).
 25704 | Swamp:1  | Reached skill level 15 in Shields
 25710 | Swamp:1  | 25710 ||| Stepping ~*~*~tactically~*~*~ (stealth).
 25733 | Swamp:1  | 25733 ||| Stepping ~*~*~tactically~*~*~ (hiding).
 25923 | Swamp:1  | 25923 ||| INVOKING Berserk.
 26180 | Swamp:1  | 26180 ||| DROPPING +6 ring of intelligence.
 26212 | Swamp:2  | Found a shimmering blue altar of Sif Muna.
 26252 | Swamp:2  | 26252 ||| INVOKING Berserk.
 26268 | Swamp:2  | 26268 ||| Stepping ~*~*~tactically~*~*~ (hiding).
 26383 | Swamp:2  | 26383 ||| INVOKING Berserk.
 26538 | Swamp:2  | 26538 ||| INVOKING Berserk.
 26574 | Swamp:2  | 26574 ||| INVOKING Brothers in Arms.
 26576 | Swamp:2  | 26576 ||| SWAPPING to +1 war axe of flaming.
 26580 | Swamp:2  | 26580 ||| SWAPPING to +6 broad axe.
 26712 | Swamp:2  | 26712 ||| INVOKING Berserk.
 27147 | Swamp:3  | 27147 ||| STAIRDANCE
 27155 | Swamp:3  | 27155 ||| STAIRDANCE
 27167 | Swamp:3  | 27167 ||| INVOKING Berserk.
 27336 | Swamp:3  | Noticed a fenstrider witch
 27337 | Swamp:3  | 27337 ||| INVOKING Trog's Hand.
 27340 | Swamp:3  | 27340 ||| INVOKING Berserk.
 27346 | Swamp:3  | Killed a fenstrider witch
 27418 | Swamp:3  | 27418 ||| SWAPPING to +1 war axe of flaming.
 27425 | Swamp:3  | 27425 ||| SWAPPING to +6 broad axe.
 27559 | Swamp:3  | 27559 ||| Stepping ~*~*~tactically~*~*~ (hiding).
 27670 | Swamp:3  | 27670 ||| INVOKING Berserk.
 27705 | Swamp:3  | 27705 ||| Stepping ~*~*~tactically~*~*~ (stealth).
 27847 | Swamp:3  | 27847 ||| Stepping ~*~*~tactically~*~*~ (stealth).
 27848 | Swamp:3  | 27848 ||| Stepping ~*~*~tactically~*~*~ (stealth).
 27881 | Swamp:3  | 27881 ||| Stepping ~*~*~tactically~*~*~ (stealth).
 27882 | Swamp:3  | 27882 ||| Stepping ~*~*~tactically~*~*~ (stealth).
 27883 | Swamp:3  | 27883 ||| Stepping ~*~*~tactically~*~*~ (stealth).
 27884 | Swamp:3  | 27884 ||| Stepping ~*~*~tactically~*~*~ (stealth).
 27886 | Swamp:3  | 27886 ||| Stepping ~*~*~tactically~*~*~ (hiding).
 27888 | Swamp:3  | 27888 ||| Stepping ~*~*~tactically~*~*~ (hiding).
 27891 | Swamp:3  | 27891 ||| INVOKING Berserk.
 28009 | Swamp:3  | 28009 ||| Stepping ~*~*~tactically~*~*~ (stealth).
 28010 | Swamp:3  | 28010 ||| Stepping ~*~*~tactically~*~*~ (stealth).
 28011 | Swamp:3  | 28011 ||| Stepping ~*~*~tactically~*~*~ (stealth).
 28015 | Swamp:3  | 28015 ||| Stepping ~*~*~tactically~*~*~ (stealth).
 28071 | Swamp:3  | 28071 ||| INVOKING Berserk.
 28153 | Swamp:3  | 28153 ||| INVOKING Berserk.
 28323 | Swamp:3  | 28323 ||| READING 3 scrolls of enchant weapon.
 28323 | Swamp:3  | 28323 ||| ENCHANTING +6 broad axe.
 28324 | Swamp:3  | 28324 ||| READING 2 scrolls of enchant weapon.
 28324 | Swamp:3  | 28324 ||| ENCHANTING +7 broad axe.
 28325 | Swamp:3  | 28325 ||| READING scroll of enchant weapon.
 28325 | Swamp:3  | 28325 ||| ENCHANTING +8 broad axe.
 28401 | Swamp:3  | 28401 ||| PLANNING SNAKE:1-3
 28539 | Snake:1  | Entered Level 1 of the Snake Pit
 28545 | Snake:1  | Reached XP level 17. HP: 99/111 MP: 11/17
 28624 | Snake:1  | 28624 ||| Stepping ~*~*~tactically~*~*~ (hiding).
 28625 | Snake:1  | 28625 ||| Stepping ~*~*~tactically~*~*~ (hiding).
 28628 | Snake:1  | 28628 ||| Stepping ~*~*~tactically~*~*~ (hiding).
 28631 | Snake:1  | 28631 ||| Stepping ~*~*~tactically~*~*~ (stealth).
 28632 | Snake:1  | 28632 ||| Stepping ~*~*~tactically~*~*~ (hiding).
 28634 | Snake:1  | 28634 ||| Stepping ~*~*~tactically~*~*~ (hiding).
 28635 | Snake:1  | 28635 ||| Stepping ~*~*~tactically~*~*~ (hiding).
 28636 | Snake:1  | 28636 ||| INVOKING Berserk.
 28779 | Snake:1  | 28779 ||| INVOKING Berserk.
 28796 | Snake:1  | 28796 ||| Stepping ~*~*~tactically~*~*~ (hiding).
 28807 | Snake:1  | Noticed Kirke
 28807 | Snake:1  | 28807 ||| INVOKING Trog's Hand.
 28817 | Snake:1  | Killed Kirke
 28833 | Snake:1  | 28833 ||| Stepping ~*~*~tactically~*~*~ (stealth).
 28839 | Snake:1  | 28839 ||| Stepping ~*~*~tactically~*~*~ (hiding).
 28850 | Snake:1  | 28850 ||| INVOKING Berserk.
 28874 | Snake:1  | 28874 ||| Stepping ~*~*~tactically~*~*~ (hiding).
 28902 | Snake:1  | 28902 ||| Stepping ~*~*~tactically~*~*~ (stealth).
 28908 | Snake:1  | 28908 ||| INVOKING Berserk.
 29051 | Snake:1  | Identified the +5 trident of Honour {flame, rCorr Str+4}
 29116 | Snake:1  | 29116 ||| Stepping ~*~*~tactically~*~*~ (hiding).
 29261 | Snake:1  | 29261 ||| Stepping ~*~*~tactically~*~*~ (hiding).
 29419 | Snake:1  | 29419 ||| Stepping ~*~*~tactically~*~*~ (hiding).
 29423 | Snake:1  | 29423 ||| INVOKING Berserk.
 29698 | Snake:2  | 29698 ||| Stepping ~*~*~tactically~*~*~ (hiding).
 29708 | Snake:2  | 29708 ||| INVOKING Berserk.
 29945 | Snake:2  | Identified the +2 leather armour of the Armoured One {Str+5
                  | SInv}
 29984 | Snake:2  | 29984 ||| Stepping ~*~*~tactically~*~*~ (hiding).
 29990 | Snake:2  | 29990 ||| INVOKING Berserk.
 30263 | Snake:2  | Reached skill level 18 in Axes
 30276 | Snake:2  | 30276 ||| Stepping ~*~*~tactically~*~*~ (hiding).
 30279 | Snake:2  | 30279 ||| Stepping ~*~*~tactically~*~*~ (hiding).
 30280 | Snake:2  | 30280 ||| Stepping ~*~*~tactically~*~*~ (hiding).
 30282 | Snake:2  | 30282 ||| Stepping ~*~*~tactically~*~*~ (hiding).
 30404 | Snake:2  | 30404 ||| Stepping ~*~*~tactically~*~*~ (hiding).
 30744 | Snake:3  | 30744 ||| INVOKING Berserk.
 30764 | Snake:3  | Reached skill level 6 in Dodging
 30780 | Snake:3  | 30780 ||| INVOKING Brothers in Arms.
 30784 | Snake:3  | Reached skill level 18 in Shields
 31018 | Snake:3  | 31018 ||| Stepping ~*~*~tactically~*~*~ (hiding).
 31019 | Snake:3  | 31019 ||| Stepping ~*~*~tactically~*~*~ (hiding).
 31053 | Snake:3  | 31053 ||| Stepping ~*~*~tactically~*~*~ (stealth).
 31056 | Snake:3  | 31056 ||| Stepping ~*~*~tactically~*~*~ (hiding).
 31100 | Snake:3  | 31100 ||| Stepping ~*~*~tactically~*~*~ (hiding).
 31107 | Snake:3  | Received a gift from Trog
 31168 | Snake:3  | Reached XP level 18. HP: 104/116 MP: 13/18
 31195 | Snake:3  | 31195 ||| DROPPING +1 war axe of flaming.
 31322 | Snake:3  | 31322 ||| INVOKING Berserk.
 31770 | Snake:3  | 31770 ||| PLANNING SWAMP:4
 31770 | Snake:3  | 31770 ||| DROPPING ring of positive energy.
 31966 | Swamp:4  | Entered Level 4 of the Swamp
 31988 | Swamp:4  | 31988 ||| Stepping ~*~*~tactically~*~*~ (hiding).
 31991 | Swamp:4  | 31991 ||| INVOKING Berserk.
 32143 | Swamp:4  | 32143 ||| INVOKING Berserk.
 32280 | Swamp:4  | Reached skill level 15 in Fighting
 32286 | Swamp:4  | 32286 ||| Stepping ~*~*~tactically~*~*~ (stealth).
 32295 | Swamp:4  | 32295 ||| Stepping ~*~*~tactically~*~*~ (stealth).
 32297 | Swamp:4  | 32297 ||| Stepping ~*~*~tactically~*~*~ (stealth).
 32298 | Swamp:4  | 32298 ||| Stepping ~*~*~tactically~*~*~ (stealth).
 32300 | Swamp:4  | 32300 ||| Stepping ~*~*~tactically~*~*~ (stealth).
 32360 | Swamp:4  | 32360 ||| Stepping ~*~*~tactically~*~*~ (stealth).
 32386 | Swamp:4  | 32386 ||| INVOKING Berserk.
 32502 | Swamp:4  | 32502 ||| Stepping ~*~*~tactically~*~*~ (hiding).
 32535 | Swamp:4  | 32535 ||| Stepping ~*~*~tactically~*~*~ (stealth).
 32585 | Swamp:4  | 32585 ||| INVOKING Berserk.
 32705 | Swamp:4  | 32705 ||| INVOKING Berserk.
 32839 | Swamp:4  | 32839 ||| Stepping randomly (Swamp:4).
 32840 | Swamp:4  | 32840 ||| Stepping ~*~*~tactically~*~*~ (cloud).
 32862 | Swamp:4  | 32862 ||| Stepping ~*~*~tactically~*~*~ (stealth).
 32869 | Swamp:4  | 32869 ||| Stepping ~*~*~tactically~*~*~ (stealth).
 32870 | Swamp:4  | 32870 ||| Stepping ~*~*~tactically~*~*~ (stealth).
 32871 | Swamp:4  | 32871 ||| Stepping ~*~*~tactically~*~*~ (stealth).
 32879 | Swamp:4  | 32879 ||| Stepping ~*~*~tactically~*~*~ (stealth).
 32951 | Swamp:4  | 32951 ||| PLANNING SWAMP:1-3
 33008 | Swamp:4  | 33008 ||| Stepping ~*~*~tactically~*~*~ (cloud).
 33009 | Swamp:4  | 33009 ||| Stepping ~*~*~tactically~*~*~ (cloud).
 33030 | Swamp:4  | 33030 ||| Stepping ~*~*~tactically~*~*~ (cloud).
 33079 | Swamp:3  | 33079 ||| PLANNING SWAMP:4
 33115 | Swamp:4  | 33115 ||| INVOKING Berserk.
 33405 | Swamp:4  | 33405 ||| PLANNING SWAMP:1-3
 33408 | Swamp:3  | 33408 ||| PLANNING SWAMP:4
 33410 | Swamp:4  | 33410 ||| PLANNING SWAMP:1-3
 33410 | Swamp:4  | 33410 ||| READING 16 scrolls of teleportation.
 33411 | Swamp:4  | 33411 ||| STAIRDANCE
 33413 | Swamp:3  | 33413 ||| PLANNING SWAMP:4
 33479 | Swamp:4  | 33479 ||| PLANNING SWAMP:1-3
 33500 | Swamp:3  | 33500 ||| PLANNING SWAMP:4
 33502 | Swamp:4  | 33502 ||| PLANNING SWAMP:1-3
 33502 | Swamp:4  | 33502 ||| READING 15 scrolls of teleportation.
 33503 | Swamp:4  | 33503 ||| STAIRDANCE
 33507 | Swamp:3  | 33507 ||| PLANNING SWAMP:4
 33556 | Swamp:4  | 33556 ||| PLANNING SWAMP:1-3
 33579 | Swamp:3  | 33579 ||| PLANNING SWAMP:4
 33581 | Swamp:4  | 33581 ||| PLANNING SWAMP:1-3
 33581 | Swamp:4  | 33581 ||| READING 14 scrolls of teleportation.
 33582 | Swamp:4  | 33582 ||| STAIRDANCE
 33586 | Swamp:3  | 33586 ||| PLANNING SWAMP:4
 33678 | Swamp:4  | 33678 ||| PLANNING SWAMP:1-3
 33699 | Swamp:3  | 33699 ||| PLANNING SWAMP:4
 33701 | Swamp:4  | 33701 ||| PLANNING SWAMP:1-3
 33701 | Swamp:4  | 33701 ||| READING 13 scrolls of teleportation.
 33702 | Swamp:4  | 33702 ||| STAIRDANCE
 33706 | Swamp:3  | 33706 ||| PLANNING SWAMP:4
 33804 | Swamp:4  | 33804 ||| PLANNING SWAMP:1-3
 33804 | Swamp:4  | 33804 ||| READING 12 scrolls of teleportation.
 33833 | Swamp:3  | 33833 ||| PLANNING SWAMP:4
 33871 | Swamp:4  | 33871 ||| PLANNING SWAMP:1-3
 33897 | Swamp:3  | 33897 ||| PLANNING SWAMP:4
 33899 | Swamp:4  | 33899 ||| PLANNING SWAMP:1-3
 33899 | Swamp:4  | 33899 ||| READING 11 scrolls of teleportation.
 33900 | Swamp:4  | 33900 ||| STAIRDANCE
 33902 | Swamp:3  | 33902 ||| PLANNING SWAMP:4
 34005 | Swamp:4  | 34005 ||| Stepping ~*~*~tactically~*~*~ (cloud).
 34006 | Swamp:4  | 34006 ||| PLANNING SWAMP:1-3
 34008 | Swamp:4  | 34008 ||| Stepping ~*~*~tactically~*~*~ (cloud).
 34031 | Swamp:4  | 34031 ||| Stepping ~*~*~tactically~*~*~ (cloud).
 34056 | Swamp:3  | 34056 ||| PLANNING SWAMP:4
 34058 | Swamp:4  | 34058 ||| PLANNING SWAMP:1-3
 34058 | Swamp:4  | 34058 ||| READING 10 scrolls of teleportation.
 34059 | Swamp:4  | 34059 ||| STAIRDANCE
 34061 | Swamp:3  | 34061 ||| PLANNING SWAMP:4
 34176 | Swamp:4  | 34176 ||| Stepping ~*~*~tactically~*~*~ (cloud).
 34177 | Swamp:4  | 34177 ||| Stepping ~*~*~tactically~*~*~ (cloud).
 34178 | Swamp:4  | 34178 ||| PLANNING SWAMP:1-3
 34221 | Swamp:3  | 34221 ||| PLANNING SWAMP:4
 34223 | Swamp:4  | 34223 ||| PLANNING SWAMP:1-3
 34223 | Swamp:4  | 34223 ||| READING 9 scrolls of teleportation.
 34224 | Swamp:4  | 34224 ||| STAIRDANCE
 34226 | Swamp:3  | 34226 ||| PLANNING SWAMP:4
 34294 | Swamp:4  | 34294 ||| PLANNING SWAMP:1-3
 34316 | Swamp:3  | 34316 ||| PLANNING SWAMP:4
 34318 | Swamp:4  | 34318 ||| PLANNING SWAMP:1-3
 34318 | Swamp:4  | 34318 ||| READING 8 scrolls of teleportation.
 34319 | Swamp:4  | 34319 ||| STAIRDANCE
 34323 | Swamp:3  | 34323 ||| PLANNING SWAMP:4
 34401 | Swamp:4  | 34401 ||| PLANNING SWAMP:1-3
 34427 | Swamp:3  | 34427 ||| PLANNING SWAMP:4
 34429 | Swamp:4  | 34429 ||| PLANNING SWAMP:1-3
 34429 | Swamp:4  | 34429 ||| READING 7 scrolls of teleportation.
 34430 | Swamp:4  | 34430 ||| STAIRDANCE
 34433 | Swamp:3  | 34433 ||| PLANNING SWAMP:4
 34516 | Swamp:4  | 34516 ||| PLANNING SWAMP:1-3
 34541 | Swamp:3  | 34541 ||| PLANNING SWAMP:4
 34543 | Swamp:4  | 34543 ||| PLANNING SWAMP:1-3
 34543 | Swamp:4  | 34543 ||| READING 6 scrolls of teleportation.
 34544 | Swamp:4  | 34544 ||| STAIRDANCE
 34548 | Swamp:3  | 34548 ||| PLANNING SWAMP:4
 34610 | Swamp:4  | 34610 ||| PLANNING SWAMP:1-3
 34634 | Swamp:3  | 34634 ||| PLANNING SWAMP:4
 34636 | Swamp:4  | 34636 ||| PLANNING SWAMP:1-3
 34636 | Swamp:4  | 34636 ||| READING 5 scrolls of teleportation.
 34637 | Swamp:4  | 34637 ||| STAIRDANCE
 34640 | Swamp:3  | 34640 ||| PLANNING SWAMP:4
 34697 | Swamp:4  | 34697 ||| Stepping ~*~*~tactically~*~*~ (cloud).
 34698 | Swamp:4  | 34698 ||| PLANNING SWAMP:1-3
 34725 | Swamp:3  | 34725 ||| PLANNING SWAMP:4
 34727 | Swamp:4  | 34727 ||| PLANNING SWAMP:1-3
 34727 | Swamp:4  | 34727 ||| READING 4 scrolls of teleportation.
 34728 | Swamp:4  | 34728 ||| STAIRDANCE
 34732 | Swamp:3  | 34732 ||| PLANNING SWAMP:4
 34817 | Swamp:4  | 34817 ||| PLANNING SWAMP:1-3
 34841 | Swamp:3  | 34841 ||| PLANNING SWAMP:4
 34843 | Swamp:4  | 34843 ||| PLANNING SWAMP:1-3
 34843 | Swamp:4  | 34843 ||| READING 3 scrolls of teleportation.
 34844 | Swamp:4  | 34844 ||| STAIRDANCE
 34847 | Swamp:3  | 34847 ||| PLANNING SWAMP:4
 34921 | Swamp:4  | 34921 ||| PLANNING SWAMP:1-3
 34943 | Swamp:3  | 34943 ||| PLANNING SWAMP:4
 34961 | Swamp:4  | 34961 ||| PLANNING SWAMP:1-3
 34982 | Swamp:3  | 34982 ||| PLANNING SWAMP:4
 35000 | Swamp:4  | 35000 ||| PLANNING SWAMP:1-3
 35021 | Swamp:3  | 35021 ||| PLANNING SWAMP:4
 35023 | Swamp:4  | 35023 ||| PLANNING SWAMP:1-3
 35023 | Swamp:4  | 35023 ||| READING 2 scrolls of teleportation.
 35024 | Swamp:4  | 35024 ||| STAIRDANCE
 35028 | Swamp:3  | 35028 ||| PLANNING SWAMP:4
 35109 | Swamp:4  | 35109 ||| PLANNING SWAMP:1-3
 35135 | Swamp:3  | 35135 ||| PLANNING SWAMP:4
 35137 | Swamp:4  | 35137 ||| PLANNING SWAMP:1-3
 35137 | Swamp:4  | 35137 ||| READING scroll of teleportation.
 35138 | Swamp:4  | 35138 ||| STAIRDANCE
 35140 | Swamp:3  | 35140 ||| PLANNING SWAMP:4
 35227 | Swamp:4  | 35227 ||| Stepping ~*~*~tactically~*~*~ (cloud).
 35235 | Swamp:4  | Got a decaying rune of Zot
 35236 | Swamp:4  | 35236 ||| PLANNING VAULTS:1-4
 35271 | Swamp:4  | 35271 ||| Stepping randomly (stuck).
 35565 | Vaults:1 | Entered Level 1 of the Vaults
 35620 | Vaults:1 | 35620 ||| READING scroll of acquirement.
 35620 | Vaults:1 | 35620 ||| ACQUIRING ring "Paipid" {Str+3 Dex+6}
 35620 | Vaults:1 | Acquired the ring "Paipid" {Str+3 Dex+6}
 35622 | Vaults:1 | 35622 ||| UPGRADING to ring "Paipid" {Str+3 Dex+6}.
 35661 | Vaults:1 | 35661 ||| Stepping ~*~*~tactically~*~*~ (hiding).
 35880 | Vaults:1 | 35880 ||| INVOKING Brothers in Arms.
 35881 | Vaults:1 | 35881 ||| INVOKING Berserk.
 36108 | Vaults:1 | Noticed Nikola
 36109 | Vaults:1 | 36109 ||| Stepping ~*~*~tactically~*~*~ (hiding).
 36110 | Vaults:1 | 36110 ||| Stepping ~*~*~tactically~*~*~ (hiding).
 36115 | Vaults:1 | 36115 ||| INVOKING Brothers in Arms.
 36118 | Vaults:1 | 36118 ||| INVOKING Berserk.
 36125 | Vaults:1 | Killed Nikola
 36172 | Vaults:1 | Reached skill level 15 in Armour
 36181 | Vaults:1 | 36181 ||| INVOKING Trog's Hand.
 36192 | Vaults:1 | Received a gift from Trog
 36287 | Vaults:1 | Found Funlev's Magic Scroll Boutique.
 36300 | Vaults:1 | 36300 ||| BUYING scroll of teleportation (39 gold).
 36300 | Vaults:1 | Bought a scroll of teleportation for 39 gold pieces
 36611 | Vaults:1 | 36611 ||| Stepping ~*~*~tactically~*~*~ (hiding).
 36763 | Vaults:1 | 36763 ||| DROPPING +4 ring of evasion.
 36905 | Vaults:2 | 36905 ||| Stepping ~*~*~tactically~*~*~ (hiding).
 36906 | Vaults:2 | 36906 ||| INVOKING Trog's Hand.
 36915 | Vaults:2 | 36915 ||| Stepping ~*~*~tactically~*~*~ (hiding).
 36921 | Vaults:2 | 36921 ||| INVOKING Brothers in Arms.
 36922 | Vaults:2 | 36922 ||| INVOKING Berserk.
 37049 | Vaults:2 | 37049 ||| Stepping ~*~*~tactically~*~*~ (stealth).
 37168 | Vaults:2 | 37168 ||| INVOKING Berserk.
 37327 | Vaults:2 | Noticed a tentacled monstrosity
 37328 | Vaults:2 | 37328 ||| INVOKING Brothers in Arms.
 37332 | Vaults:2 | 37332 ||| INVOKING Berserk.
 37341 | Vaults:2 | Killed a tentacled monstrosity
 37346 | Vaults:2 | Reached skill level 9 in Dodging
 37534 | Vaults:2 | 37534 ||| INVOKING Brothers in Arms.
 37539 | Vaults:2 | Reached XP level 19. HP: 124/124 MP: 19/19
 37540 | Vaults:2 | 37540 ||| INVOKING Berserk.
 37653 | Vaults:2 | Found a transporter.
 37653 | Vaults:2 | Found a transporter.
 37653 | Vaults:2 | Noticed qw's ghost (adept MiBe)
 37654 | Vaults:2 | Noticed an ancient lich
 37661 | Vaults:2 | Identified the +3 ring mail "Caexzela" {Harm Int+3}
 37715 | Vaults:2 | 37715 ||| INVOKING Trog's Hand.
 37738 | Vaults:2 | 37738 ||| Stepping ~*~*~tactically~*~*~ (stealth).
 37740 | Vaults:2 | 37740 ||| Stepping ~*~*~tactically~*~*~ (stealth).
 37762 | Vaults:2 | 37762 ||| Stepping ~*~*~tactically~*~*~ (stealth).
 37834 | Vaults:2 | 37834 ||| Stepping ~*~*~tactically~*~*~ (stealth).
 37874 | Vaults:2 | 37874 ||| Stepping ~*~*~tactically~*~*~ (hiding).
 37876 | Vaults:2 | 37876 ||| INVOKING Berserk.
 38049 | Vaults:2 | 38049 ||| Stepping ~*~*~tactically~*~*~ (stealth).
 38053 | Vaults:2 | 38053 ||| INVOKING Trog's Hand.
 38056 | Vaults:2 | 38056 ||| Stepping ~*~*~tactically~*~*~ (hiding).
 38072 | Vaults:2 | 38072 ||| Stepping ~*~*~tactically~*~*~ (stealth).
 38101 | Vaults:2 | 38101 ||| Stepping ~*~*~tactically~*~*~ (hiding).
 38148 | Vaults:2 | 38148 ||| Stepping ~*~*~tactically~*~*~ (stealth).
 38149 | Vaults:2 | 38149 ||| Stepping ~*~*~tactically~*~*~ (stealth).
 38155 | Vaults:2 | 38155 ||| Stepping ~*~*~tactically~*~*~ (hiding).
 38156 | Vaults:2 | 38156 ||| Stepping ~*~*~tactically~*~*~ (hiding).
 38306 | Vaults:2 | 38306 ||| Stepping ~*~*~tactically~*~*~ (stealth).
 38307 | Vaults:2 | 38307 ||| Stepping ~*~*~tactically~*~*~ (stealth).
 38322 | Vaults:2 | 38322 ||| Stepping ~*~*~tactically~*~*~ (hiding).
 38323 | Vaults:2 | 38323 ||| INVOKING Trog's Hand.
 38361 | Vaults:2 | 38361 ||| Stepping ~*~*~tactically~*~*~ (hiding).
 38362 | Vaults:2 | 38362 ||| Stepping ~*~*~tactically~*~*~ (hiding).
 38691 | Vaults:2 | Found a staircase to the Crypt.
 38691 | Vaults:2 | Found a basalt altar of Yredelemnul.
 38692 | Vaults:2 | Found an ancient bone altar of Kikubaaqudgha.
 38764 | Vaults:2 | 38764 ||| Stepping ~*~*~tactically~*~*~ (hiding).
 38767 | Vaults:2 | 38767 ||| Stepping ~*~*~tactically~*~*~ (hiding).
 39007 | Vaults:3 | 39007 ||| Stepping ~*~*~tactically~*~*~ (stealth).
 39038 | Vaults:3 | 39038 ||| Stepping ~*~*~tactically~*~*~ (hiding).
 39047 | Vaults:3 | 39047 ||| INVOKING Brothers in Arms.
 39055 | Vaults:3 | 39055 ||| INVOKING Berserk.
 39208 | Vaults:3 | You are sucked into a shaft and drop 1 floor!
 39235 | Vaults:4 | 39235 ||| Stepping ~*~*~tactically~*~*~ (hiding).
 39236 | Vaults:4 | 39236 ||| Stepping ~*~*~tactically~*~*~ (hiding).
 39240 | Vaults:4 | 39240 ||| INVOKING Brothers in Arms.
 39241 | Vaults:4 | 39241 ||| INVOKING Berserk.
 39413 | Vaults:4 | 39413 ||| INVOKING Trog's Hand.
 39463 | Vaults:4 | Noticed Xtahua
 39464 | Vaults:4 | 39464 ||| INVOKING Trog's Hand.
 39465 | Vaults:4 | 39465 ||| DRINKING 4 potions of resistance.
 39468 | Vaults:4 | 39468 ||| INVOKING Berserk.
 39482 | Vaults:4 | Killed Xtahua
 39630 | Vaults:4 | 39630 ||| INVOKING Trog's Hand.
 39742 | Vaults:4 | 39742 ||| Stepping ~*~*~tactically~*~*~ (hiding).
 39743 | Vaults:4 | 39743 ||| Stepping ~*~*~tactically~*~*~ (hiding).
 39746 | Vaults:4 | 39746 ||| INVOKING Berserk.
 39922 | Vaults:4 | 39922 ||| READING scroll of acquirement.
 39922 | Vaults:4 | 39922 ||| ACQUIRING 613 gold pieces
 39922 | Vaults:4 | Acquired 613 gold pieces
 39958 | Vaults:4 | 39958 ||| INVOKING Trog's Hand.
 40131 | Vaults:4 | 40131 ||| Stepping ~*~*~tactically~*~*~ (stealth).
 40133 | Vaults:4 | 40133 ||| Stepping ~*~*~tactically~*~*~ (hiding).
 40135 | Vaults:4 | 40135 ||| Stepping ~*~*~tactically~*~*~ (hiding).
 40138 | Vaults:4 | 40138 ||| INVOKING Trog's Hand.
 40220 | Vaults:4 | 40220 ||| INVOKING Berserk.
 40484 | Vaults:4 | 40484 ||| INVOKING Trog's Hand.
 40513 | Vaults:4 | 40513 ||| INVOKING Trog's Hand.
 40608 | Vaults:4 | 40608 ||| Stepping ~*~*~tactically~*~*~ (hiding).
 40610 | Vaults:4 | 40610 ||| INVOKING Trog's Hand.
 40624 | Vaults:4 | Noticed Sojobo
 40625 | Vaults:4 | 40625 ||| Stepping ~*~*~tactically~*~*~ (hiding).
 40629 | Vaults:4 | 40629 ||| INVOKING Berserk.
 40639 | Vaults:4 | Killed Sojobo
 40640 | Vaults:4 | Reached XP level 20. HP: 134/134 MP: 20/20
 40790 | Vaults:4 | 40790 ||| INVOKING Trog's Hand.
 40812 | Vaults:4 | 40812 ||| INVOKING Berserk.
 40812 | Vaults:4 | HP: 43/201 [vault warden/+0 glaive (39)]
 41019 | Vaults:4 | 41019 ||| INVOKING Trog's Hand.
 41051 | Vaults:3 | 41051 ||| Stepping ~*~*~tactically~*~*~ (hiding).
 41083 | Vaults:3 | 41083 ||| Stepping ~*~*~tactically~*~*~ (stealth).
 41097 | Vaults:3 | Reached skill level 18 in Fighting
 41234 | Vaults:3 | 41234 ||| Stepping ~*~*~tactically~*~*~ (hiding).
 41240 | Vaults:3 | 41240 ||| Stepping ~*~*~tactically~*~*~ (hiding).
 41435 | Vaults:3 | Noticed Mara
 41436 | Vaults:3 | 41436 ||| INVOKING Brothers in Arms.
 41439 | Vaults:3 | Noticed qw's illusion
 41439 | Vaults:3 | 41439 ||| INVOKING Berserk.
 41447 | Vaults:3 | Killed Mara
 41575 | Vaults:3 | 41575 ||| INVOKING Trog's Hand.
 41713 | Vaults:3 | 41713 ||| INVOKING Trog's Hand.
 41727 | Vaults:3 | 41727 ||| INVOKING Trog's Hand.
 41744 | Vaults:3 | 41744 ||| INVOKING Trog's Hand.
 41777 | Vaults:3 | 41777 ||| INVOKING Trog's Hand.
 41933 | Vaults:3 | 41933 ||| INVOKING Berserk.
 42104 | Vaults:3 | Found Vevojosh's Armour Emporium.
 42110 | Vaults:3 | 42110 ||| BUYING +1 pair of boots "Noitsija" {+Inv rElec
                  | Str+2} (381 gold).
 42110 | Vaults:3 | Bought the +1 pair of boots "Noitsija" {+Inv rElec Str+2}
                  | for 381 gold pieces
 42110 | Vaults:3 | 42110 ||| BUYING +3 pair of mountain boots {steadfast, rC+}
                  | (368 gold).
 42110 | Vaults:3 | Bought the +3 pair of mountain boots {steadfast, rC+} for
                  | 368 gold pieces
 42110 | Vaults:3 | Found the +3 pair of mountain boots {steadfast, rC+}
 42174 | Vaults:3 | 42174 ||| INVOKING Trog's Hand.
 42311 | Vaults:3 | Noticed Frederick
 42312 | Vaults:3 | 42312 ||| INVOKING Brothers in Arms.
 42315 | Vaults:3 | 42315 ||| INVOKING Berserk.
 42322 | Vaults:3 | Killed Frederick
 42572 | Vaults:3 | 42572 ||| UPGRADING to +1 pair of boots "Noitsija" {+Inv
                  | rElec Str+2}.
 42582 | Vaults:3 | 42582 ||| DROPPING +2 pair of boots.
 42583 | Vaults:3 | 42583 ||| UPGRADING to +3 pair of mountain boots
                  | {steadfast, rC+}.
 42593 | Vaults:3 | 42593 ||| DROPPING +1 pair of boots "Noitsija" {+Inv rElec
                  | Str+2}.
 42650 | Vaults:4 | 42650 ||| Stepping ~*~*~tactically~*~*~ (hiding).
 42821 | Vaults:4 | 42821 ||| PLANNING SNAKE:4
 43155 | Snake:4  | Entered Level 4 of the Snake Pit
 43172 | Snake:4  | Reached skill level 18 in Armour
 43226 | Snake:4  | 43226 ||| Stepping ~*~*~tactically~*~*~ (hiding).
 43281 | Snake:4  | 43281 ||| Stepping ~*~*~tactically~*~*~ (hiding).
 43289 | Snake:4  | 43289 ||| Stepping ~*~*~tactically~*~*~ (hiding).
 43295 | Snake:4  | 43295 ||| Stepping ~*~*~tactically~*~*~ (hiding).
 43300 | Snake:4  | 43300 ||| Stepping ~*~*~tactically~*~*~ (hiding).
 43427 | Snake:4  | 43427 ||| Stepping ~*~*~tactically~*~*~ (stealth).
 43441 | Snake:4  | 43441 ||| Stepping ~*~*~tactically~*~*~ (hiding).
 43466 | Snake:4  | Received a gift from Trog
 43472 | Snake:4  | 43472 ||| Stepping ~*~*~tactically~*~*~ (stealth).
 43481 | Snake:4  | 43481 ||| Stepping ~*~*~tactically~*~*~ (hiding).
 43482 | Snake:4  | 43482 ||| Stepping ~*~*~tactically~*~*~ (hiding).
 43483 | Snake:4  | 43483 ||| Stepping ~*~*~tactically~*~*~ (hiding).
 43494 | Snake:4  | 43494 ||| Stepping ~*~*~tactically~*~*~ (hiding).
 43495 | Snake:4  | 43495 ||| Stepping ~*~*~tactically~*~*~ (hiding).
 43496 | Snake:4  | 43496 ||| Stepping ~*~*~tactically~*~*~ (hiding).
 43524 | Snake:4  | Reached XP level 21. HP: 143/143 MP: 21/21
 43571 | Snake:4  | 43571 ||| Stepping ~*~*~tactically~*~*~ (stealth).
 43576 | Snake:4  | 43576 ||| Stepping ~*~*~tactically~*~*~ (stealth).
 43597 | Snake:4  | 43597 ||| FLEEEEING.
 43609 | Snake:4  | 43609 ||| Stepping ~*~*~tactically~*~*~ (hiding).
 43611 | Snake:4  | 43611 ||| Stepping ~*~*~tactically~*~*~ (hiding).
 43614 | Snake:4  | 43614 ||| Stepping ~*~*~tactically~*~*~ (hiding).
 43690 | Snake:4  | 43690 ||| Stepping ~*~*~tactically~*~*~ (stealth).
 43692 | Snake:4  | 43692 ||| Stepping ~*~*~tactically~*~*~ (hiding).
 43693 | Snake:4  | 43693 ||| Stepping ~*~*~tactically~*~*~ (hiding).
 43699 | Snake:4  | 43699 ||| Stepping ~*~*~tactically~*~*~ (hiding).
 43701 | Snake:4  | 43701 ||| Stepping ~*~*~tactically~*~*~ (hiding).
 43705 | Snake:4  | 43705 ||| Stepping ~*~*~tactically~*~*~ (hiding).
 43706 | Snake:4  | 43706 ||| Stepping ~*~*~tactically~*~*~ (hiding).
 43715 | Snake:4  | Noticed Vashnia
 43726 | Snake:4  | Killed Vashnia
 43732 | Snake:4  | 43732 ||| Stepping ~*~*~tactically~*~*~ (hiding).
 43806 | Snake:4  | 43806 ||| Stepping ~*~*~tactically~*~*~ (hiding).
 43918 | Snake:4  | 43918 ||| Stepping ~*~*~tactically~*~*~ (hiding).
 43919 | Snake:4  | 43919 ||| Stepping ~*~*~tactically~*~*~ (hiding).
 43968 | Snake:4  | 43968 ||| Stepping ~*~*~tactically~*~*~ (stealth).
 43974 | Snake:4  | 43974 ||| Stepping ~*~*~tactically~*~*~ (hiding).
 43975 | Snake:4  | 43975 ||| Stepping ~*~*~tactically~*~*~ (hiding).
 44061 | Snake:4  | 44061 ||| Stepping ~*~*~tactically~*~*~ (hiding).
 44066 | Snake:4  | 44066 ||| Stepping ~*~*~tactically~*~*~ (hiding).
 44082 | Snake:4  | 44082 ||| Stepping ~*~*~tactically~*~*~ (stealth).
 44180 | Snake:4  | 44180 ||| Stepping ~*~*~tactically~*~*~ (hiding).
 44184 | Snake:4  | 44184 ||| Stepping ~*~*~tactically~*~*~ (hiding).
 44450 | Snake:4  | 44450 ||| Stepping ~*~*~tactically~*~*~ (hiding).
 44617 | Snake:4  | 44617 ||| Stepping ~*~*~tactically~*~*~ (stealth).
 44648 | Snake:4  | 44648 ||| Stepping ~*~*~tactically~*~*~ (hiding).
 44650 | Snake:4  | 44650 ||| Stepping ~*~*~tactically~*~*~ (hiding).
 44812 | Snake:4  | Got a serpentine rune of Zot
 44841 | Snake:4  | 44841 ||| PLANNING DEPTHS
 45102 | Depths:1 | Entered Level 1 of the Depths
 45103 | Depths:1 | 45103 ||| INVOKING Trog's Hand.
 45104 | Depths:1 | 45104 ||| INVOKING Brothers in Arms.
 45105 | Depths:1 | 45105 ||| INVOKING Berserk.
 45140 | Depths:1 | 45140 ||| INVOKING Brothers in Arms.
 45230 | Depths:1 | Found a corrupted altar of Lugonu.
 45233 | Depths:1 | Found a one-way gate to the infinite horrors of the Abyss.
 45284 | Depths:1 | 45284 ||| READING scroll of brand weapon.
 45284 | Depths:1 | 45284 ||| BRANDING +9 broad axe.
 45315 | Depths:1 | 45315 ||| Stepping ~*~*~tactically~*~*~ (hiding).
 45319 | Depths:1 | 45319 ||| INVOKING Brothers in Arms.
 45327 | Depths:1 | 45327 ||| INVOKING Brothers in Arms.
 45328 | Depths:1 | 45328 ||| INVOKING Brothers in Arms.
 45329 | Depths:1 | 45329 ||| INVOKING Berserk.
 45349 | Depths:1 | Paralysed by a floating eye for 4 turns
 45354 | Depths:1 | 45354 ||| INVOKING Brothers in Arms.
 45724 | Depths:1 | 45724 ||| Stepping ~*~*~tactically~*~*~ (stealth).
 45725 | Depths:1 | 45725 ||| Stepping ~*~*~tactically~*~*~ (stealth).
 45727 | Depths:1 | 45727 ||| Stepping ~*~*~tactically~*~*~ (hiding).
 45834 | Depths:1 | Found a gateway to Hell.
 45850 | Depths:1 | Found a broken altar of Ashenzari.
 46188 | Depths:2 | 46188 ||| INVOKING Berserk.
 46432 | Depths:2 | Found Cammyma Ryti's General Store.
 46487 | Depths:2 | 46487 ||| INVOKING Trog's Hand.
 46488 | Depths:2 | 46488 ||| INVOKING Brothers in Arms.
 46489 | Depths:2 | 46489 ||| INVOKING Brothers in Arms.
 46490 | Depths:2 | 46490 ||| INVOKING Berserk.
 46634 | Depths:2 | Reached skill level 9 in Throwing
 46990 | Depths:2 | 46990 ||| INVOKING Trog's Hand.
 46996 | Depths:2 | Noticed a dread lich
 46997 | Depths:2 | 46997 ||| INVOKING Brothers in Arms.
 47001 | Depths:2 | 47001 ||| INVOKING Brothers in Arms.
 47002 | Depths:2 | 47002 ||| INVOKING Brothers in Arms.
 47003 | Depths:2 | 47003 ||| INVOKING Berserk.
 47016 | Depths:2 | Paralysed by a floating eye for 3 turns
 47020 | Depths:2 | 47020 ||| DRINKING 3 potions of resistance.
 47021 | Depths:2 | 47021 ||| INVOKING Trog's Hand.
 47021 | Depths:2 | Paralysed by a floating eye for 2 turns
 47026 | Depths:2 | Paralysed by a floating eye for 3 turns
 47030 | Depths:2 | Paralysed by a floating eye for 2 turns
 47033 | Depths:2 | Killed a dread lich
 47040 | Depths:2 | 47040 ||| INVOKING Brothers in Arms.
 47040 | Depths:2 | HP: 34/144 [vampire knight/+0 glaive (11)]
 47041 | Depths:2 | 47041 ||| READING 8 scrolls of teleportation.
 47042 | Depths:2 | 47042 ||| DRINKING 5 potions of heal wounds.
 47124 | Depths:2 | Identified the +2 mace "Ocidgh" {vorpal, Will+ Int+3
                  | Stlth+}
 47209 | Depths:2 | 47209 ||| Stepping ~*~*~tactically~*~*~ (hiding).
 47290 | Depths:2 | 47290 ||| Stepping ~*~*~tactically~*~*~ (hiding).
 47420 | Depths:2 | Found a one-way gate leading to the halls of Pandemonium.
 47424 | Depths:2 | Reached XP level 22. HP: 150/150 MP: 22/22
 47459 | Depths:2 | 47459 ||| Stepping ~*~*~tactically~*~*~ (hiding).
 47992 | Depths:3 | 47992 ||| FLEEEEING.
 47993 | Depths:3 | 47993 ||| FLEEEEING.
 47994 | Depths:3 | 47994 ||| FLEEEEING.
 48004 | Depths:3 | 48004 ||| Stepping ~*~*~tactically~*~*~ (stealth).
 48005 | Depths:3 | 48005 ||| Stepping ~*~*~tactically~*~*~ (stealth).
 48006 | Depths:3 | 48006 ||| Stepping ~*~*~tactically~*~*~ (stealth).
 48008 | Depths:3 | 48008 ||| READING 7 scrolls of teleportation.
 48014 | Depths:3 | Found a one-way gateway to a ziggurat.
 48016 | Depths:3 | 48016 ||| Stepping ~*~*~tactically~*~*~ (hiding).
 48017 | Depths:3 | 48017 ||| Stepping ~*~*~tactically~*~*~ (hiding).
 48025 | Depths:3 | 48025 ||| INVOKING Brothers in Arms.
 48033 | Depths:3 | 48033 ||| INVOKING Brothers in Arms.
 48034 | Depths:3 | 48034 ||| INVOKING Trog's Hand.
 48035 | Depths:3 | 48035 ||| INVOKING Berserk.
 48335 | Depths:3 | 48335 ||| Stepping ~*~*~tactically~*~*~ (stealth).
 48342 | Depths:3 | 48342 ||| INVOKING Brothers in Arms.
 48377 | Depths:3 | Found Banoicu's Weapon Shop.
 48395 | Depths:3 | Found Zin's Purification Station.
 48398 | Depths:3 | Found a glowing silver altar of Zin.
 48401 | Depths:3 | 48401 ||| BUYING potion of curing (90 gold).
 48401 | Depths:3 | Bought a potion of curing for 90 gold pieces
 48477 | Depths:3 | 48477 ||| INVOKING Berserk.
 48485 | Depths:3 | 48485 ||| Stepping ~*~*~tactically~*~*~ (stealth).
 48634 | Depths:3 | 48634 ||| Stepping ~*~*~tactically~*~*~ (hiding).
 48641 | Depths:3 | 48641 ||| Stepping ~*~*~tactically~*~*~ (hiding).
 48688 | Depths:3 | 48688 ||| Stepping ~*~*~tactically~*~*~ (hiding).
 48702 | Depths:3 | 48702 ||| Stepping ~*~*~tactically~*~*~ (stealth).
 48705 | Depths:3 | 48705 ||| INVOKING Trog's Hand.
 48711 | Depths:3 | 48711 ||| INVOKING Berserk.
 48728 | Depths:3 | 48728 ||| Stepping ~*~*~tactically~*~*~ (stealth).
 48925 | Depths:3 | 48925 ||| Stepping ~*~*~tactically~*~*~ (hiding).
 48928 | Depths:3 | 48928 ||| INVOKING Brothers in Arms.
 48929 | Depths:3 | 48929 ||| INVOKING Berserk.
 48943 | Depths:3 | 48943 ||| Stepping ~*~*~tactically~*~*~ (stealth).
 48944 | Depths:3 | 48944 ||| Stepping ~*~*~tactically~*~*~ (stealth).
 48950 | Depths:3 | 48950 ||| Stepping ~*~*~tactically~*~*~ (stealth).
 49067 | Depths:3 | 49067 ||| Stepping ~*~*~tactically~*~*~ (stealth).
 49226 | Depths:3 | 49226 ||| Stepping ~*~*~tactically~*~*~ (hiding).
 49438 | Depths:3 | 49438 ||| READING 6 scrolls of teleportation.
 49488 | Depths:3 | 49488 ||| Stepping ~*~*~tactically~*~*~ (stealth).
 49490 | Depths:3 | 49490 ||| Stepping ~*~*~tactically~*~*~ (hiding).
 49491 | Depths:3 | 49491 ||| Stepping ~*~*~tactically~*~*~ (hiding).
 49502 | Depths:3 | 49502 ||| Stepping ~*~*~tactically~*~*~ (hiding).
 49503 | Depths:3 | 49503 ||| Stepping ~*~*~tactically~*~*~ (hiding).
 49514 | Depths:3 | 49514 ||| FLEEEEING.
 49515 | Depths:3 | 49515 ||| FLEEEEING.
 49521 | Depths:3 | 49521 ||| FLEEEEING.
 49522 | Depths:3 | 49522 ||| FLEEEEING.
 49533 | Depths:3 | 49533 ||| Stepping ~*~*~tactically~*~*~ (hiding).
 49550 | Depths:3 | 49550 ||| READING 5 scrolls of teleportation.
 49608 | Depths:3 | 49608 ||| Stepping ~*~*~tactically~*~*~ (cloud).
 49627 | Depths:3 | 49627 ||| INVOKING Brothers in Arms.
 49628 | Depths:3 | 49628 ||| INVOKING Brothers in Arms.
 49629 | Depths:3 | 49629 ||| INVOKING Brothers in Arms.
 49635 | Depths:3 | 49635 ||| INVOKING Berserk.
 49755 | Depths:3 | Noticed an ancient lich
 49756 | Depths:3 | 49756 ||| INVOKING Trog's Hand.
 49759 | Depths:3 | Identified the +1 battleaxe of Awkwardness {vorpal, rC+}
 49767 | Depths:3 | HP: 28/152 [something/crystal spear (72)]
 49780 | Depths:3 | Killed an ancient lich
 49863 | Depths:3 | Identified the +11 quarterstaff of the Spider Nest {drain,
                  | rC++ rN+ rCorr Stlth-}
 49890 | Depths:3 | 49890 ||| INVOKING Brothers in Arms.
 49891 | Depths:3 | 49891 ||| INVOKING Brothers in Arms.
 49896 | Depths:3 | 49896 ||| INVOKING Brothers in Arms.
 49903 | Depths:3 | 49903 ||| INVOKING Berserk.
 50071 | Depths:4 | Entered Level 4 of the Depths
 50155 | Depths:4 | 50155 ||| READING 3 scrolls of brand weapon.
 50155 | Depths:4 | 50155 ||| BRANDING +9 broad axe of protection.
 50156 | Depths:4 | 50156 ||| READING 2 scrolls of brand weapon.
 50156 | Depths:4 | 50156 ||| BRANDING +9 broad axe of venom.
 50157 | Depths:4 | 50157 ||| READING scroll of brand weapon.
 50157 | Depths:4 | 50157 ||| BRANDING +9 broad axe of electrocution.
 50178 | Depths:4 | 50178 ||| INVOKING Berserk.
 50370 | Depths:4 | 50370 ||| Stepping ~*~*~tactically~*~*~ (stealth).
 50374 | Depths:4 | 50374 ||| Stepping ~*~*~tactically~*~*~ (hiding).
 50381 | Depths:4 | 50381 ||| INVOKING Berserk.
 50389 | Depths:4 | Reached skill level 21 in Shields
 50395 | Depths:4 | 50395 ||| FLEEEEING.
 50396 | Depths:4 | 50396 ||| FLEEEEING.
 50397 | Depths:4 | 50397 ||| FLEEEEING.
 50398 | Depths:4 | 50398 ||| FLEEEEING.
 50399 | Depths:4 | 50399 ||| FLEEEEING.
 50521 | Depths:4 | 50521 ||| Stepping ~*~*~tactically~*~*~ (hiding).
 50523 | Depths:4 | 50523 ||| Stepping ~*~*~tactically~*~*~ (hiding).
 50586 | Depths:4 | Noticed qw's ghost (veteran GrFi)
 50594 | Depths:4 | Found a transporter.
 50610 | Depths:4 | 50610 ||| INVOKING Berserk.
 50748 | Depths:4 | 50748 ||| INVOKING Berserk.
 50756 | Depths:4 | 50756 ||| Stepping ~*~*~tactically~*~*~ (stealth).
 50757 | Depths:4 | 50757 ||| INVOKING Trog's Hand.
 50912 | Depths:4 | Noticed a golden dragon
 50933 | Depths:4 | 50933 ||| INVOKING Berserk.
 51059 | Depths:4 | 51059 ||| Stepping ~*~*~tactically~*~*~ (stealth).
 51061 | Depths:4 | 51061 ||| Stepping ~*~*~tactically~*~*~ (hiding).
 51063 | Depths:4 | 51063 ||| FLEEEEING.
 51065 | Depths:4 | 51065 ||| FLEEEEING.
 51066 | Depths:4 | 51066 ||| FLEEEEING.
 51067 | Depths:4 | 51067 ||| FLEEEEING.
 51068 | Depths:4 | 51068 ||| FLEEEEING.
 51069 | Depths:4 | 51069 ||| FLEEEEING.
 51080 | Depths:4 | 51080 ||| FLEEEEING.
 51081 | Depths:4 | 51081 ||| FLEEEEING.
 51082 | Depths:4 | 51082 ||| FLEEEEING.
 51083 | Depths:4 | 51083 ||| FLEEEEING.
 51084 | Depths:4 | 51084 ||| FLEEEEING.
 51085 | Depths:4 | 51085 ||| FLEEEEING.
 51086 | Depths:4 | 51086 ||| FLEEEEING.
 51087 | Depths:4 | 51087 ||| FLEEEEING.
 51088 | Depths:4 | 51088 ||| FLEEEEING.
 51089 | Depths:4 | 51089 ||| FLEEEEING.
 51090 | Depths:4 | 51090 ||| FLEEEEING.
 51091 | Depths:4 | 51091 ||| FLEEEEING.
 51092 | Depths:4 | 51092 ||| FLEEEEING.
 51093 | Depths:4 | 51093 ||| FLEEEEING.
 51094 | Depths:4 | 51094 ||| FLEEEEING.
 51099 | Depths:4 | 51099 ||| FLEEEEING.
 51100 | Depths:4 | 51100 ||| FLEEEEING.
 51101 | Depths:4 | 51101 ||| FLEEEEING.
 51102 | Depths:4 | 51102 ||| FLEEEEING.
 51103 | Depths:4 | 51103 ||| FLEEEEING.
 51105 | Depths:4 | 51105 ||| FLEEEEING.
 51106 | Depths:4 | 51106 ||| FLEEEEING.
 51107 | Depths:4 | 51107 ||| FLEEEEING.
 51108 | Depths:4 | 51108 ||| FLEEEEING.
 51109 | Depths:4 | 51109 ||| FLEEEEING.
 51110 | Depths:4 | 51110 ||| FLEEEEING.
 51167 | Depths:4 | 51167 ||| FLEEEEING.
 51168 | Depths:4 | 51168 ||| FLEEEEING.
 51169 | Depths:4 | 51169 ||| FLEEEEING.
 51170 | Depths:4 | 51170 ||| FLEEEEING.
 51171 | Depths:4 | 51171 ||| FLEEEEING.
 51172 | Depths:4 | 51172 ||| FLEEEEING.
 51173 | Depths:4 | 51173 ||| FLEEEEING.
 51174 | Depths:4 | 51174 ||| FLEEEEING.
 51175 | Depths:4 | 51175 ||| FLEEEEING.
 51176 | Depths:4 | 51176 ||| FLEEEEING.
 51193 | Depths:4 | 51193 ||| Stepping ~*~*~tactically~*~*~ (hiding).
 51195 | Depths:4 | 51195 ||| INVOKING Berserk.
 51250 | Depths:4 | 51250 ||| FLEEEEING.
 51274 | Depths:4 | 51274 ||| INVOKING Berserk.
 51289 | Depths:4 | Killed a golden dragon
 51321 | Depths:4 | Reached skill level 21 in Fighting
 51359 | Depths:4 | Found a runed translucent door.
 51359 | Depths:4 | Found a runed translucent door.
 51368 | Depths:4 | Found a runed translucent door.
 51377 | Depths:4 | 51377 ||| Stepping ~*~*~tactically~*~*~ (hiding).
 51378 | Depths:4 | 51378 ||| Stepping ~*~*~tactically~*~*~ (hiding).
 51397 | Depths:4 | Reached XP level 23. HP: 153/160 MP: 23/23
 51405 | Depths:4 | 51405 ||| Stepping ~*~*~tactically~*~*~ (hiding).
 51451 | Depths:4 | Found a runed translucent door.
 51451 | Depths:4 | Found a runed translucent door.
 51472 | Depths:4 | 51472 ||| INVOKING Berserk.
 51494 | Depths:4 | Noticed a golden dragon
 51578 | Depths:4 | 51578 ||| Stepping ~*~*~tactically~*~*~ (stealth).
 51580 | Depths:4 | 51580 ||| Stepping ~*~*~tactically~*~*~ (hiding).
 51584 | Depths:4 | 51584 ||| INVOKING Berserk.
 51711 | Depths:4 | 51711 ||| Stepping ~*~*~tactically~*~*~ (hiding).
 51712 | Depths:4 | 51712 ||| Stepping ~*~*~tactically~*~*~ (hiding).
 51714 | Depths:4 | 51714 ||| Stepping ~*~*~tactically~*~*~ (cloud).
 51715 | Depths:4 | 51715 ||| Stepping ~*~*~tactically~*~*~ (cloud).
 51783 | Depths:4 | Found a runed translucent door.
 51811 | Depths:4 | 51811 ||| INVOKING Berserk.
 51962 | Depths:4 | Found a gate to the Realm of Zot.
 51963 | Depths:4 | 51963 ||| FLEEEEING.
 51964 | Depths:4 | 51964 ||| FLEEEEING.
 51965 | Depths:4 | 51965 ||| FLEEEEING.
 51966 | Depths:4 | 51966 ||| FLEEEEING.
 51967 | Depths:4 | 51967 ||| FLEEEEING.
 51968 | Depths:4 | 51968 ||| FLEEEEING.
 51969 | Depths:4 | 51969 ||| FLEEEEING.
 51970 | Depths:4 | 51970 ||| FLEEEEING.
 51971 | Depths:4 | 51971 ||| FLEEEEING.
 51981 | Depths:4 | 51981 ||| Stepping ~*~*~tactically~*~*~ (hiding).
 52059 | Depths:4 | 52059 ||| INVOKING Berserk.
 52066 | Depths:4 | Killed a golden dragon
 52234 | Depths:4 | Found a transporter.
 52362 | Depths:4 | 52362 ||| Stepping ~*~*~tactically~*~*~ (hiding).
 52377 | Depths:4 | Reached skill level 12 in Dodging
 52504 | Depths:4 | 52504 ||| PLANNING VAULTS:5
 52835 | Vaults:5 | Entered Level 5 of the Vaults
 52837 | Vaults:5 | 52837 ||| STAIRDANCE
 52855 | Vaults:5 | 52855 ||| STAIRDANCE
 52872 | Vaults:5 | 52872 ||| STAIRDANCE
 52873 | Vaults:5 | 52873 ||| INVOKING Berserk.
 52887 | Vaults:5 | Noticed a golden dragon
 52890 | Vaults:5 | Reached skill level 21 in Armour
 52904 | Vaults:5 | Killed a golden dragon
 52906 | Vaults:5 | 52906 ||| STAIRDANCE
 53024 | Vaults:5 | 53024 ||| STAIRDANCE
 53026 | Vaults:4 | 53026 ||| INVOKING Brothers in Arms.
 53027 | Vaults:4 | 53027 ||| INVOKING Brothers in Arms.
 53028 | Vaults:4 | 53028 ||| INVOKING Berserk.
 53158 | Vaults:5 | 53158 ||| INVOKING Trog's Hand.
 53159 | Vaults:5 | 53159 ||| STAIRDANCE
 53186 | Vaults:5 | 53186 ||| INVOKING Trog's Hand.
 53187 | Vaults:5 | 53187 ||| STAIRDANCE
 53189 | Vaults:4 | 53189 ||| INVOKING Brothers in Arms.
 53190 | Vaults:4 | 53190 ||| INVOKING Brothers in Arms.
 53191 | Vaults:4 | 53191 ||| INVOKING Brothers in Arms.
 53192 | Vaults:4 | 53192 ||| INVOKING Berserk.
 53306 | Vaults:5 | 53306 ||| STAIRDANCE
 53308 | Vaults:4 | 53308 ||| INVOKING Trog's Hand.
 53323 | Vaults:5 | 53323 ||| INVOKING Berserk.
 53351 | Vaults:5 | 53351 ||| INVOKING Trog's Hand.
 53352 | Vaults:5 | HP: 38/161 [sphinx/divine providence (7)]
 53353 | Vaults:5 | 53353 ||| READING 5 scrolls of teleportation.
 53353 | Vaults:5 | HP: 15/161 [sphinx/divine providence (13)]
 53354 | Vaults:5 | 53354 ||| DRINKING 5 potions of heal wounds.
 53356 | Vaults:5 | 53356 ||| DRINKING 4 potions of heal wounds.
 53358 | Vaults:5 | 53358 ||| READING 4 scrolls of teleportation.
 53359 | Vaults:5 | 53359 ||| DRINKING 3 potions of heal wounds.
 53371 | Vaults:5 | 53371 ||| INVOKING Trog's Hand.
 53373 | Vaults:5 | HP: 39/162 [yaktaur captain/bolt (19)]
 53373 | Vaults:5 | Identified the ring of Inautuil {Fly rElec}
 53374 | Vaults:5 | 53374 ||| READING 3 scrolls of teleportation.
 53377 | Vaults:5 | 53377 ||| INVOKING Brothers in Arms.
 53378 | Vaults:5 | 53378 ||| READING 2 scrolls of teleportation.
 53379 | Vaults:5 | 53379 ||| DRINKING 2 potions of heal wounds.
 53406 | Vaults:5 | 53406 ||| INVOKING Berserk.
 53516 | Vaults:5 | 53516 ||| INVOKING Berserk.
 53544 | Vaults:5 | Noticed an ancient lich
 53545 | Vaults:5 | 53545 ||| INVOKING Trog's Hand.
 53548 | Vaults:5 | Killed an ancient lich
 53562 | Vaults:5 | Identified the ring of Kailit {rElec Slay+4}
 53564 | Vaults:5 | 53564 ||| FLEEEEING.
 53565 | Vaults:5 | 53565 ||| FLEEEEING.
 53566 | Vaults:5 | 53566 ||| FLEEEEING.
 53573 | Vaults:5 | 53573 ||| INVOKING Berserk.
 53575 | Vaults:5 | 53575 ||| STAIRDANCE
 53750 | Vaults:5 | Got a silver rune of Zot
 53771 | Vaults:5 | Identified the amulet of Vinuobom {Acrobat Rampage *Corrode
                  | rN+ Slay+2}
 53772 | Vaults:5 | 53772 ||| Stepping ~*~*~tactically~*~*~ (hiding).
 53774 | Vaults:5 | Noticed an ancient lich
 53775 | Vaults:5 | 53775 ||| Stepping ~*~*~tactically~*~*~ (stealth).
 53776 | Vaults:5 | 53776 ||| Stepping ~*~*~tactically~*~*~ (stealth).
 53779 | Vaults:5 | 53779 ||| INVOKING Trog's Hand.
 53781 | Vaults:5 | 53781 ||| INVOKING Berserk.
 53787 | Vaults:5 | Killed an ancient lich
 53803 | Vaults:5 | Reached XP level 24. HP: 163/164 MP: 23/23
 53932 | Vaults:5 | 53932 ||| INVOKING Trog's Hand.
 53956 | Vaults:5 | 53956 ||| Stepping ~*~*~tactically~*~*~ (stealth).
 53957 | Vaults:5 | 53957 ||| Stepping ~*~*~tactically~*~*~ (stealth).
 53961 | Vaults:5 | 53961 ||| INVOKING Berserk.
 54026 | Vaults:5 | 54026 ||| Stepping ~*~*~tactically~*~*~ (stealth).
 54028 | Vaults:5 | 54028 ||| Stepping ~*~*~tactically~*~*~ (stealth).
 54117 | Vaults:5 | Identified the +2 plate armour of the Eight Boll Weevils
                  | {Drain rElec rPois Int+4}
 54169 | Vaults:5 | 54169 ||| Stepping ~*~*~tactically~*~*~ (hiding).
 54172 | Vaults:5 | 54172 ||| INVOKING Berserk.
 54463 | Vaults:5 | 54463 ||| Stepping ~*~*~tactically~*~*~ (stealth).
 54468 | Vaults:5 | Identified the +6 ring mail of Hopscotch {Rampage Int-3
                  | SInv}
 54469 | Vaults:5 | Identified the +1 ring mail "Puczios" {rElec rPois Will+}
 54477 | Vaults:5 | 54477 ||| Stepping ~*~*~tactically~*~*~ (stealth).
 54487 | Vaults:5 | 54487 ||| Stepping ~*~*~tactically~*~*~ (hiding).
 54490 | Vaults:5 | 54490 ||| INVOKING Berserk.
 54543 | Vaults:5 | 54543 ||| FLEEEEING.
 54613 | Vaults:5 | Identified the ring of Miracles {rF++ rC- rCorr}
 54615 | Vaults:5 | 54615 ||| INVOKING Berserk.
 54783 | Vaults:5 | 54783 ||| INVOKING Berserk.
 55076 | Vaults:5 | 55076 ||| PLANNING SHOPPING SPREE
 55076 | Vaults:5 | 55076 ||| DROPPING ring of fire.
 55368 | D:8      | 55368 ||| BUYING ring "Geilibe" {Will+ Str+2 Int+3 Dex+6}
                  | (768 gold).
 55368 | D:8      | Bought the ring "Geilibe" {Will+ Str+2 Int+3 Dex+6} for 768
                  | gold pieces
 55447 | D:12     | 55447 ||| BUYING 2 scrolls of acquirement (1664 gold).
 55447 | D:12     | Bought 2 scrolls of acquirement for 1664 gold pieces
 55447 | D:12     | 55447 ||| READING 2 scrolls of acquirement.
 55447 | D:12     | 55447 ||| ACQUIRING 371 gold pieces
 55447 | D:12     | Acquired 371 gold pieces
 55449 | D:12     | 55449 ||| READING scroll of acquirement.
 55449 | D:12     | 55449 ||| ACQUIRING 508 gold pieces
 55449 | D:12     | Acquired 508 gold pieces
 55451 | D:12     | 55451 ||| PLANNING ZOT:1-4
 55644 | Depths:4 | 55644 ||| Stepping ~*~*~tactically~*~*~ (stealth).
 55645 | Depths:4 | 55645 ||| Stepping ~*~*~tactically~*~*~ (stealth).
 55646 | Depths:4 | 55646 ||| Stepping ~*~*~tactically~*~*~ (stealth).
 55647 | Depths:4 | 55647 ||| UPGRADING to ring of protection from fire.
 55649 | Depths:4 | 55649 ||| UPGRADING to ring of Miracles {rF++ rC- rCorr}.
 55656 | Depths:4 | 55656 ||| UPGRADING to ring "Paipid" {Str+3 Dex+6}.
 55686 | Zot:1    | Entered Level 1 of the Realm of Zot
 55688 | Zot:1    | 55688 ||| Stepping ~*~*~tactically~*~*~ (hiding).
 55701 | Zot:1    | 55701 ||| INVOKING Berserk.
 55862 | Zot:1    | 55862 ||| INVOKING Berserk.
 56020 | Zot:1    | 56020 ||| Stepping randomly (disturbance).
 56021 | Zot:1    | 56021 ||| Stepping randomly (disturbance).
 56058 | Zot:1    | 56058 ||| READING 4 scrolls of teleportation.
 56167 | Zot:1    | 56167 ||| Stepping ~*~*~tactically~*~*~ (hiding).
 56168 | Zot:1    | 56168 ||| Stepping ~*~*~tactically~*~*~ (hiding).
 56225 | Zot:1    | Noticed Grunn
 56226 | Zot:1    | 56226 ||| INVOKING Brothers in Arms.
 56227 | Zot:1    | Noticed Vv
 56228 | Zot:1    | 56228 ||| DRINKING 3 potions of resistance.
 56229 | Zot:1    | 56229 ||| INVOKING Berserk.
 56235 | Zot:1    | Noticed a Killer Klown
 56239 | Zot:1    | Noticed a Killer Klown
 56243 | Zot:1    | Noticed a Killer Klown
 56248 | Zot:1    | Killed Vv
 56250 | Zot:1    | 56250 ||| INVOKING Brothers in Arms.
 56257 | Zot:1    | 56257 ||| INVOKING Brothers in Arms.
 56257 | Zot:1    | Noticed a Killer Klown
 56264 | Zot:1    | 56264 ||| INVOKING Brothers in Arms.
 56271 | Zot:1    | HP: 33/168 [Killer Klown/klown pie (25)]
 56272 | Zot:1    | 56272 ||| DRINKING 2 potions of heal wounds.
 56282 | Zot:1    | HP: 41/168 [Killer Klown/+8 club of holy wrath (6)]
 56282 | Zot:1    | HP: 15/168 [Grunn/+7 bardiche of draining (26)]
 56283 | Zot:1    | 56283 ||| READING 3 scrolls of teleportation.
 56283 | Zot:1    | HP: 4/168 [Killer Klown/klown pie (13)]
 56284 | Zot:1    | 56284 ||| DRINKING potion of heal wounds.
 56286 | Zot:1    | Demolished by a Killer Klown

Levels and vault maps discovered:
D:1:      wheals_arrival_shading, layout_rooms
D:2:      layout_basic, shapermc_ecumenical_altar_ellora,
          kennysheep_minor_cross, dreamdust_princess_bridge, minmay_domino_4
D:3:      cheibrodos_fertilizer, layout_loops_corners,
          mainiacjoe_overflow_brackets, nzn_hepliaklqana_mist_gate,
          uniq_natasha, uniq_sigmund, uniq_pargi
D:4:      layout_basic, nicolae_elevator_lobby_asterisk
D:5:      layout_loops_ring, nicolae_overflow_hidden_temple,
          nicolae_yredelemnul_ghost_church, uniq_crazy_yiuf_cottage,
          uniq_menkaure, uniq_blork_the_orc
D:6:      layout_cave_pools, kennysheep_orc_sif_temple, elyvilon_altar_5,
          temple_fountains, ebering_ghost_reflecting_pool
D:7:      layout_cave_pools, nemelex_spade_bored_becter, chei_slow_surprise
D:8:      layout_basic, gammafunk_temple_overflow_wave, serial_shops, shop,
          uniq_maggie, uniq_maurice
D:9:      layout_roguey, erik_orc_1, ebering_ghost_disaster_area
D:10:     layout_roguey [special_room_orc], nicolae_vehumet_altar_sigil,
          david_lair_shrubbed
D:11:     layout_small_grid
D:12:     layout_roguey, serial_shops, nicolae_square_shop
D:13:     layout_long_grid
D:14:     minmay_coctagon, layout_loops_ring, david_vaults_5,
          hangedman_decor_diamond_cutter, minmay_holes,
          nrook_guardian_serpent_ordinary, uniq_roxanne
D:15:     grunt_enter_depths_hoard, layout_cave_pods, bh_walls_and_bars,
          uniq_agnes, uniq_nessos
Lair:1:   layout_small_grid, minmay_hedge_maze, infiniplex_staircase_pool_2
Lair:2:   layout_layer_cave, minmay_snake_entry_guardpost_medium,
          chequers_serial_rivers_marsh, grunt_megastairs_4,
          infiniplex_staircase_pool
Lair:3:   layout_loops_ring, minmay_swamp_entry_worms, roderic_batcave,
          nicolae_quartered_pool_little
Lair:4:   layout_regular_city, grunt_megastairs_3
Lair:5:   due_jungle_book, layout_gridlike, minmay_slime_entry_oklob_enclosed
Swamp:1:  layout_basic_swamp, evilmike_swamp_ruin_house_4
Swamp:2:  layout_basic_swamp, basic_altar, swamp_pool1
Swamp:3:  layout_basic_swamp, nicolae_swamp_ascending_descending_big,
          swamp_pool3
Swamp:4:  swamp_icy, layout_basic_swamp, swamp_pool1
Snake:1:  layout_gridlike, uniq_kirke
Snake:2:  layout_grid_shapes, st_stairs_11
Snake:3:  layout_onion, evilmike_ambush [evilmike_ambush_outer_corners,
          evilmike_ambush_inner_basic]
Snake:4:  johnstein_snake_rune_scales, layout_cave_town, st_stairs_10
Orc:1:    layout_caves, ebering_ghost_disaster_area, nicolae_orc_stony_grotto,
          uniq_nergalle
Orc:2:    grunt_orc_cross, layout_caves, serial_shops, shop, shop_statue,
          nicolae_shop_crystal
Vaults:1: v_misc_25, vaults_room_large_hall, ontoclasm_vaults_ring_large,
          vaults_room_grunt_arrival_ludios, grunt_vaults_diagonal,
          nicolae_vaults_little_squares_4, nicolae_vaults_mini_display_case,
          v_misc_30, grunt_vaults_funnel, v_misc_5, vaults_dpeg_emergency_exit,
          v_misc_19, vaults_room_fancy_cross, nicolae_vaults_theta,
          layout_vaults_ring, serial_shops, shop, uniq_nikola, uniq_saint_roka
Vaults:2: gammafunk_ghost_arena, minmay_crypt_entry_necro_gods,
          ontoclasm_vaults_tryst, nicolae_vaults_know_your_exits,
          hangedman_vaults_stream, v_misc_16, vaults_room_hallway,
          vaults_dpeg_encased_lava, v_rooms_1, v_misc_24,
          hangedman_vaults_corner, hangedman_vaults_maws,
          nicolae_vaults_network_barrier, hangedman_vaults_snaps,
          nicolae_vaults_ring_of_whatevers, layout_vaults_omnibox
Vaults:3: vaults_room_door_hall, st_lattice, v_misc_32,
          nicolae_vaults_ring_of_whatevers, layout_vaults_omnigrid,
          serial_shops, shop, uniq_mara, uniq_frederick
Vaults:4: v_misc_31, ontoclasm_vaults_ring_small, nicolae_vaults_specimen_jars,
          v_misc_26, nicolae_vaults_alarming, vaults_standard_mumra_x,
          dpeg_vaults_monster_box, v_misc_22, vaults_room_corners,
          vaults_dpeg_diagonal, nicolae_vaults_little_squares_4,
          layout_vaults_chaotic_city, uniq_xtahua, uniq_margery, uniq_sojobo
Vaults:5
Depths:1: layout_cave_pools, hell_entry, abyss_entry_flame_altar,
          serial_bayou_ford_a, kennysheep_doodads, roderic_lattice_a,
          ashenzari_conservatory_becter
Depths:2: hellmonk_paralyzer, layout_gridlike, hell_entry,
          grunt_pan_entry_sceptre, serial_co_window_serial, co_window_paths_a,
          co_window_paths_b, co_window_paths_b, co_window_cross_1,
          co_window_paths_a, co_window_of_opportunity_a, co_window_corner_a,
          co_window_paths_b, co_window_paths_b, co_window_unsneaky_path_b,
          co_window_of_opportunity_b, glass_columns_b, glass_columns_a,
          serial_shops, nicolae_shop_window_shopping, minmay_misc_feat_alley,
          lemuel_nasty_fountain, serial_bayou_shore_b,
          infiniplex_staircase_pillars_1
Depths:3: cheibrodos_cascadia, layout_gridville, enter_ziggurat_a, hell_entry,
          serial_shops, shop, minmay_splitting_lines, abyss_entry,
          rand_demon_pan_entry_4, zin_purify
Depths:4: evilmike_zot_entry_castle, layout_gridlike, minmay_misc_feat_square,
          gammafunk_ghost_arena, rand_demon_pan_entry_9,
          pf_vacation_house_of_asmodeus, hangedman_abyss_or_decor_stagger
Zot:1:    circus_mu, layout_concentric_octagons, uniq_grunn, uniq_vv

Skill      XL: |  1  2  3  4  5  6  7  8  9 10 11 12 13 14 15 16 17 18 19 20 21 22 23 24 |
---------------+-------------------------------------------------------------------------+-----
Axes           | 3 4 5 7 8 9 11 13 14 15 16 18 | 18.0
Armour         | 5 6 8 9 11 12 13 14 15 17 18 19 20 21 22 | 22.0
Fighting       | 4 6 7 8 10 11 12 14 15 17 18 19 21 22 | 22.1
Throwing       | 1 3 4 5 6 9 10 | 10.7
Shields        | 5 12 13 17 18 19 20 21 | 21.7
Dodging        | 2 3 4 5 6 9 10 11 13 | 13.0

Action                   |  1- 3 |  4- 6 |  7- 9 | 10-12 | 13-15 | 16-18 | 19-21 | 22-24 || total
-------------------------+-------+-------+-------+-------+-------+-------+-------+-------++-------
Melee: Hand axe          |   103 |    30 |       |       |       |       |       |       ||   133
       Punch             |     1 |     1 |     2 |       |       |       |       |       ||     4
       War axe           |       |    82 |   152 |   265 |   628 |     8 |       |       ||  1135
       Unarmed           |       |       |    11 |       |       |       |       |     2 ||    13
       Broad axe         |       |       |       |       |    18 |   997 |  1145 |   908 ||  3068
Throw: Boomerang         |       |       |    50 |    39 |    74 |    38 |    75 |    56 ||   332
       Javelin           |       |       |       |    40 |    90 |    63 |     9 |    21 ||   223
Invok: Berserk           |     3 |     3 |     8 |    12 |    26 |    39 |    17 |    33 ||   141
       Brothers in Arms  |       |       |       |     1 |    11 |     9 |    13 |    14 ||    48
       Trog's Hand       |       |       |       |       |     3 |     6 |    23 |    12 ||    44
  Use: Scroll            |     7 |     7 |    16 |     2 |    11 |    21 |     3 |    14 ||    81
       Potion            |       |       |     4 |     1 |       |     2 |     3 |     7 ||    17
 Stab: Confused          |       |       |       |     1 |       |       |       |       ||     1
       Distracted        |       |       |       |       |     1 |     3 |     2 |     2 ||     8
Armor: Animal skin       |    19 |       |       |       |       |       |       |       ||    19
       Ring mail         |    21 |    11 |       |       |       |       |       |       ||    32
       Plate armour      |       |    84 |   108 |    91 |   251 |   420 |   486 |   519 ||  1959
Dodge: Dodged            |    63 |    47 |    64 |    80 |   177 |   230 |   241 |   382 ||  1284
Block: Kite shield       |       |       |    11 |   211 |   394 |    41 |       |       ||   657
       Reflection        |       |       |       |     7 |    29 |   107 |    72 |    83 ||   298
       Tower shield      |       |       |       |       |       |  1061 |  1223 |  1170 ||  3454

Table legend:
 A = Non-vault XP
 B = Vault XP
 C = Vault XP percentage of total XP
 D = Non-vault monster count
 E = Vault monster count
 F = Vault count percentage of total count
                 A         B        C        D         E       F
            +---------+---------+-------+---------+---------+-------
      Total |  484624 |  404366 |  45.5 |    1076 |     612 |  36.3
            +---------+---------+-------+---------+---------+-------
        D:1 |      41 |       0 |   0.0 |      21 |       0 |   0.0
        D:2 |      67 |       3 |   4.3 |      21 |       2 |   8.7
        D:3 |      68 |     499 |  88.0 |      18 |      21 |  53.8
        D:4 |     214 |       0 |   0.0 |      20 |       0 |   0.0
        D:5 |     149 |     340 |  69.5 |       5 |       4 |  44.4
        D:6 |    1309 |     245 |  15.8 |      24 |       4 |  14.3
        D:7 |     780 |       0 |   0.0 |      13 |       0 |   0.0
        D:8 |     666 |     409 |  38.0 |      19 |       1 |   5.0
        D:9 |    1817 |     575 |  24.0 |      26 |      17 |  39.5
       D:10 |    1879 |    1261 |  40.2 |      11 |      27 |  71.1
       D:11 |    2503 |       0 |   0.0 |       9 |       0 |   0.0
       D:12 |    5030 |       0 |   0.0 |      20 |       0 |   0.0
       D:13 |    4521 |       0 |   0.0 |      17 |       0 |   0.0
       D:14 |    8500 |    5533 |  39.4 |      13 |       9 |  40.9
       D:15 |   13438 |    4124 |  23.5 |      24 |       4 |  14.3
     Lair:1 |    4033 |       0 |   0.0 |      20 |       0 |   0.0
     Lair:2 |    2010 |    1782 |  47.0 |       8 |      15 |  65.2
     Lair:3 |    7513 |     586 |   7.2 |      26 |       9 |  25.7
     Lair:4 |    7887 |    4935 |  38.5 |      20 |      10 |  33.3
     Lair:5 |   16192 |   14795 |  47.7 |      49 |      24 |  32.9
    Swamp:1 |   13560 |       0 |   0.0 |      33 |       0 |   0.0
    Swamp:2 |   17636 |       0 |   0.0 |      37 |       0 |   0.0
    Swamp:3 |   11854 |       0 |   0.0 |      20 |       0 |   0.0
    Swamp:4 |   11699 |    7007 |  37.5 |      23 |      30 |  56.6
    Snake:1 |   18774 |    2050 |   9.8 |      34 |       4 |  10.5
    Snake:2 |   15163 |     902 |   5.6 |      28 |       2 |   6.7
    Snake:3 |   19114 |   12865 |  40.2 |      34 |      23 |  40.4
    Snake:4 |   24954 |   28180 |  53.0 |      49 |      49 |  50.0
      Orc:1 |    6806 |     779 |  10.3 |      56 |       1 |   1.8
      Orc:2 |    3129 |    8960 |  74.1 |      40 |      39 |  49.4
   Vaults:1 |   15016 |   20235 |  57.4 |      25 |      25 |  50.0
   Vaults:2 |   22823 |   36154 |  61.3 |      40 |      53 |  57.0
   Vaults:3 |   42162 |   18119 |  30.1 |      59 |      14 |  19.2
   Vaults:4 |   21521 |   44899 |  67.6 |      28 |      45 |  61.6
   Vaults:5 |   20361 |   94776 |  82.3 |      27 |      83 |  75.5
   Depths:1 |   23471 |       0 |   0.0 |      26 |       0 |   0.0
   Depths:2 |   32176 |   20204 |  38.6 |      39 |      22 |  36.1
   Depths:3 |   33691 |   23336 |  40.9 |      44 |      26 |  37.1
   Depths:4 |   29435 |   39988 |  57.6 |      27 |      37 |  57.8
      Zot:1 |   22662 |   10825 |  32.3 |      23 |      12 |  34.3
            +---------+---------+-------+---------+---------+-------
